 Dungeon Crawl Stone Soup version 0.8.0-a0-4996-geb9675e character file.

7538969 clouded the Ignorant (level 27, 254/254 HPs)
             Began as a Demonspawn Air Elementalist on Jan 29, 2011.
             Was the Champion of Sif Muna (penitent).
             Escaped with the Orb
             ... and 34 runes (of 15 types) on Feb 3, 2011!
             The game lasted 1day02:33:08 (261030 turns).

clouded the Ignorant (DSAE)                    Turns: 261030, Time: 1, 02:33:08

HP 254/254       AC 24     Str 16 Exp: 27/6598769 (2073)
MP  48/49        EV 22     Int 31      God: *Sif Muna
Gold 19867       SH 36     Dex 14      Spells: 17 memorised,  3 levels left

Res.Fire  : + . .   See Invis. : .   b - staff of conjuration {!a !d, !D}
Res.Cold  : + + .   Warding    : .   i - +2 robe {Archmagi}
Life Prot.: + + +   Conserve   : +   j - +5 shield "Wingat" {rF+}
Res.Acid. : + . .   Res.Corr.  : +   C - +3 helmet of Divine Compulsion {Int+2 Dam+
Res.Poison: +       Clarity    : .   z - +2 cloak {rCorr, Cons}
Res.Elec. : .       Spirit.Shd : .   E - +2 pair of gloves of Eternity {rF+}
Sust.Abil.: . .     Stasis     : .   (boots unavailable)
Res.Mut.  : +       Ctrl.Telep.: .   f - amulet of resist mutation
Res.Rott. : +       Levitation : +   o - ring of wizardry
Saprovore : . . .   Ctrl.Flight: +   k - ring of ice

@: lich-form, burdened, repel missiles, flying, very slightly glowing, very
quick, incredibly resistant to hostile enchantments, quite stealthy
A: hooves 3, magic resistance 3, sense surroundings 3, +30% hp, AC +4, SH +4,
Str +2, Int +2
a: End Transformation, Renounce Religion


You escaped.
You worshipped Sif Muna.
Sif Muna was demanding penance.
You were encumbered.
You were not hungry.
You were in lich-form.
You visited 19 branches of the dungeon, and saw 114 of its levels.
You visited Pandemonium 8 times, and saw 148 of its levels.
You visited the Abyss 4 times.
You visited 2 bazaars.
You visited 1 Ziggurat, and saw 27 of its levels.
You visited 2 portal chambers: spiders nest, trove.

You collected 26293 gold pieces.
You spent 3606 gold pieces at shops.
You used 2840 gold pieces for miscellaneous purposes.

Inventory:

Hand weapons
 a - a +10,+8 katana of flaming
 N - a +6,+0 trident of distortion {!w, !d, !D}
Missiles
 q - 2 curare-tipped +0 needles {!f}
Armour
 i - a +2 robe of the Archmagi (worn)
 j - the +5 shield "Wingat" (worn) {rF+}
   (You found it in a treasure trove)

   It protects you from fire.
 z - a +2 cloak of preservation (worn)
 C - the +3 helmet of Divine Compulsion (worn) {Int+2 Dam+2}
   (You found it on level 1 of the Vaults)

   It affects your intelligence (+2).
   It affects your damage-dealing abilities (+2).
 E - the +2 pair of gloves of Eternity (worn) {rF+}
   (You bought it in a shop on level 7 of the Vaults)

   It protects you from fire.
Magical devices
 e - a wand of healing (9)
 y - a wand of teleportation (7)
 A - a wand of teleportation (9)
 M - a wand of disintegration (21)
Scrolls
 r - 4 scrolls of recharging
 s - 6 scrolls of identify
 v - 5 scrolls of remove curse
 L - 5 scrolls of fog
 O - 9 scrolls of teleportation
 P - 5 scrolls of blinking
Jewellery
 f - an amulet of resist mutation (around neck)
 h - a cursed ring of levitation
 k - a ring of ice (left hand)
 o - a ring of wizardry (right hand)
 p - a +5 ring of strength
 x - an uncursed amulet of stasis
 F - the amulet of the Four Winds {Clar rN+ MR}
   (You found it on level 2 of the Hive)

   [amulet of clarity]

   It protects you from negative energy.
   It increases your resistance to enchantments.
 I - a +3,+6 ring of slaying
 J - an uncursed ring of teleport control
 S - the ring "Tam Bluw" {SustAb +Blink Dex+4}
   (You found it on level 3 of the Tomb of the Ancients)

   [ring of sustain abilities]

   It affects your dexterity (+4).
   It lets you blink.
 V - a +4,+6 ring of slaying
Potions
 c - 5 potions of healing
 l - 3 potions of heal wounds
 H - 2 potions of restore abilities
Books
 X - a manual of Dodging
Magical staves
 b - a staff of conjuration (weapon) {!a !d, !D}
 w - a staff of air {!a !d, !D}
Orbs of Power
 t - the Orb of Zot
Miscellaneous
 g - an abyssal rune of Zot
 m - a barnacled rune of Zot
 n - a decaying rune of Zot
 u - 20 demonic runes of Zot
 B - a golden rune of Zot
 D - a bone rune of Zot
 G - an icy rune of Zot
 K - a dark rune of Zot
 Q - an iron rune of Zot
 R - a fiery rune of Zot
 T - a glowing rune of Zot
 U - a magical rune of Zot
 W - an obsidian rune of Zot
 Y - a silver rune of Zot
 Z - a slimy rune of Zot You had 2073 experience left.


   Skills:
 + Level 14 Fighting
 - Level 12 Long Blades
 + Level 6 Slings
 + Level 16 Dodging
 + Level 15 Stealth
 - Level 2 Stabbing
 + Level 15 Shields
 + Level 8 Traps & Doors
 - Level 5 Unarmed Combat
 * Level 27 Spellcasting
 * Level 27 Conjurations
 + Level 17 Hexes
 + Level 19 Charms
 + Level 10 Summonings
 + Level 18 Necromancy
 + Level 7 Translocations
 + Level 16 Transmutations
 * Level 27 Ice Magic
 + Level 18 Air Magic
 + Level 16 Earth Magic
 - Level 8 Poison Magic
 * Level 27 Invocations
 + Level 2 Evocations


You had 3 spell levels left.
You knew the following spells:

 Your Spells              Type           Power        Success   Level  Hunger
a - Lehudib's Crystal Sp  Erth/Conj      ##########   Excellent   8    N/A
d - Airstrike             Air            #########.   Perfect     4    N/A
e - Dig                   Erth/Trmt      #########    Perfect     4    N/A
f - Bolt of Cold          Ice/Conj       ##########   Perfect     6    N/A
i - Flight                Air/Chrm       #########.   Perfect     4    N/A
j - Abjuration            Summ           #########.   Excellent   3    N/A
k - Necromutation         Trmt/Necr      #########.   Excellent   8    N/A
o - Repel Missiles        Air/Chrm       #########.   Perfect     2    N/A
p - Apportation           Tloc           #######...   Excellent   1    N/A
q - Controlled Blink      Tloc           N/A          Great       7    N/A
s - Swiftness             Air/Chrm       #########.   Perfect     2    N/A
u - Summon Butterflies    Summ           #########.   Perfect     1    N/A
z - Extension             Chrm           #########.   Perfect     5    N/A
A - Haste                 Chrm           #########    Excellent   6    N/A
B - Blink                 Tloc           N/A          Excellent   2    N/A
E - Ice Storm             Ice/Conj       ##########   Excellent   9    N/A
H - Teleport Self         Tloc           N/A          Excellent   5    N/A

Dungeon Overview and Level Annotations

Branches:
Dungeon (27/27)            Temple (1/1) D:4             Orc (4/4) D:11
    Elf (5/5) Orc:4          Lair (8/8) D:12          Swamp (5/5) Lair:4
 Shoals (5/5) Lair:3        Slime (6/6) Lair:8         Hive (2/2) D:14
  Vault (8/8) D:16          Blade (1/1) Vault:5       Crypt (5/5) Vault:3
   Tomb (3/3) Crypt:2         Dis (7/7) Hell            Geh (7/7) Hell
    Coc (7/7) Hell            Tar (7/7) Hell            Zot (5/5) D:27

Altars:
Ashenzari
Cheibriados
Elyvilon
Fedhas
Kikubaaqudgha
Makhleb
Nemelex Xobeh
Okawaru
Sif Muna
The Shining One
Trog
Vehumet
Xom
Yredelemnul
Zin
Jiyva

Shops:
D:8: ? D:15: / D:24: [ Orc:1: ![/ Orc:4: / Elf:1: ( Elf:2: ( Elf:4: [ Shoals:1: ! Vault:3: =*? Vault:5: == Vault:6: =[*** Vault:7: [

Portals:
Hell: D:21 D:22 D:23 D:24 D:25 D:26 D:27 Dis:1* Dis:2* Dis:3 Dis:4 Dis:5 Dis:6 Dis:7** Geh:1 Geh:2 Geh:3* Geh:4 Geh:5 Geh:6 Geh:7 Coc:1 Coc:2 Coc:3 Coc:4

Coc:5*
Coc:6*
Coc:7**
Tar:1*
Tar:2*


Tar:3 Tar:4** Tar:5 Tar:6 Tar:7** Abyss: D:21 D:23 D:25 Crypt:1 Pan: D:22 D:24
D:25 Annotations D:2 1 exclusion D:3 exclusion: hound D:12 exclusion: ice statue
Elf:3 slime pit, 1 exclusion Crypt:2 1 exclusion


Innate Abilities, Weirdness & Mutations

You have hooves in place of feet.
You are completely covered in large bone plates (AC +4, SH +4).
You are extremely resistant to the effects of hostile enchantments.
You passively map a large area around you.
You are extremely robust (+30% HP).
Your mind is acute (Int +2).
Your muscles are strong (Str +2).


Message History

Forgetting Corona from the book of Maledictions will destroy the book!
Are you sure?
As you tear out the page describing Corona, the book crumbles to dust.
You feel extremely guilty. "You will pay for your transgression, mortal!"
You are being weighed down by all of your possessions.
Are you sure you want to leave the Dungeon?
You have escaped!

####.# #.#.##.# #....# #......#
#.#.####################.#.#
#.#......................#.#
#.#.######......######...#.#
#.#......................#.#
#.#.##..##......##..##...#.#
#.#......................#.##
#.##########L>############..#
####....###############........#
................................
###.........###########.######)#
................................
###............................#
###############.......######.#
#.......# #.# #.......######.#


There were no monsters in sight!

Vanquished Creatures
  Asmodeus (Geh:7)
  Cerebov (Pan)
  Gloorx Vloq (Pan)
  the royal jelly (Slime:6)
  Ereshkigal (Tar:7)
  Dispater (Dis:7)
  Tiamat (Zot:5)
  Mnoleg (Pan)
  Lom Lobon (Pan)
  6 orbs of fire the Serpent of Hell (Tar:7)
  5 ancient liches
  Saint Roka (Crypt:4)
  Boris (4 times) (Vault:4 D:21 Shoals:5 Tomb:2)
  2 curse toes
  28 greater mummies
  4 Killer Klowns (Zot:5)
  Mara (Elf:4)
  Mennas (Vault:4)
  Geryon (D:21)
  143 demon lords
  4 electric golems
  Frederick (Vault:4)
  9 liches
  An acid blob (shapeshifter) (D:26)
  26 acid blobs
  Nikola (Orc:4)
  20 Orb Guardians (Zot:5)
  13 golden dragons
  A titan (Vault:8)
  3 curse skulls
  3 quicksilver dragons
  4 deep elf blademasters
  12 shadow dragons
  68 Fiends
  8 sphinxes
  2 eldritch tentacles (Pan)
  62 Ice Fiends
  Rupert (Orc:4)
  Agnes (Elf:5)
  68 Shadow Fiends
  18 storm dragons
  49 Daevas (Port)
  8 draconian monks
  Aizul (Elf:2)
  Ilsuiw (Shoals:5)
  16 orc warlords
  95 Balrugs
  Donald (Elf:5)
  2 frost giants
  15 iron dragons
  15 draconian scorchers
  18 tentacled monstrosities
  Wiglaf (Crypt:1)
  Louise (Elf:4)
  9 draconian knights
  14 azure jellies
  103 Executioners
  Maud (Orc:3)
  24 bone dragons
  12 draconian zealots
  51 Angels (Port)
  6 draconian shifters
  7 draconian annihilators
  51 stone giants
  7 fire giants
  2 quicksilver dragon skeletons (Port)
  42 Pit Fiends
  13 grey draconians
  8 draconian callers
  8 green draconians
  6 deep elf annihilators (Elf:5)
  8 white draconians
  2 deep elf sorcerers
  Jozef (D:12)
  13 black draconians
  7 yellow draconians
  9 mottled draconians
  Azrael (Orc:3)
  13 pale draconians
  2 red draconians
  10 purple draconians
  3 deep elf death magi (Elf:5)
  A vampire knight (Vault:1)
  5 deep elf master archers
  86 Green Deaths
  3 dire elephants (Lair:8)
  75 Cacodemons
  89 Blue Deaths
  Snorg (D:15)
  48 yaktaur captains
  12 dragons
  28 mummy priests
  13 unborn deep dwarves (Port)
  A minotaur (shapeshifter) (Vault:8)
  A titan skeleton (Crypt:5)
  25 vault guards
  A dragon (shapeshifter) (D:13)
  8 death cobs
  7 ettins
  5 sirens
  11 death oozes
  4 merfolk aquamancers
  15 great orbs of eyes
  Erica (Orc:4)
  Harold (Orc:2)
  3 ogre magi
  8 merfolk javelineers
  26 ice dragons
  40 hydras
  A hydra (shapeshifter) (Vault:8)
  9 shadow dragon zombies
  An anaconda skeleton (Crypt:3)
  Nessos (Elf:2)
  5 anacondas
  A golden dragon skeleton (Tomb:1)
  6 rakshasas
  10 deep elf demonologists
  A spiny worm (shapeshifter) (Vault:4)
  3 sphinx zombies
  6 merfolk impalers (Shoals:5)
  2 alligators (Swamp:3)
  5 death yaks
  2 frost giant zombies
  A ghost moth (Zot:2)
  5 iron dragon zombies
  11 shadow dragon skeletons
  29 centaur warriors
  2 deep elf high priests (Elf:5)
  36 sun demons
  3 stone giant zombies
  5 orc high priests (Port)
  A ball lightning (Pan)
  20 deep trolls
  3 fire giant zombies
  2 elves
  A sphinx skeleton (Vault:1)
  20 very ugly things
  12 hell hogs
  10 griffons
  16 iron golems
  9 stone giant skeletons
  6 frost giant skeletons
  3 iron dragon skeletons
  An emperor scorpion (shapeshifter) (Vault:8)
  19 iron trolls
  A vapour (Port)
  3 dire elephant zombies
  2 fire giant skeletons
  33 deep elf knights
  20 hell knights
  57 soul eaters
  5 emperor scorpions
  2 dancing weapons (Vault:8)
  3 pale draconian zombies
  7 death drakes
  A death yak zombie (Tomb:1)
  3 spectral storm dragons (Crypt:1)
  An elephant slug zombie (Crypt:4)
  A storm dragon zombie (Vault:5)
  27 ice devils
  5 giant orange brains
  8 naga warriors (Port)
  40 orc knights
  17 shadow wraiths
  A dire elephant skeleton (Port)
  2 red draconian zombies
  176 skeletal warriors
  10 sea snakes
  A sea snake (shapeshifter) (Vault:8)
  2 black draconian zombies
  2 yellow draconian zombies (Port)
  5 green draconian zombies
  16 swamp dragons
  3 sea snake zombies (Port)
  3 unseen horrors
  3 mottled draconian zombies
  4 iron troll zombies
  A grey draconian zombie (Port)
  2 purple draconian zombies (Port)
  2 storm dragon skeletons
  34 giant amoebae
  25 deep dwarf death knights (Port)
  A white draconian zombie (Port)
  13 harpies
  20 hill giants
  8 wizards
  A death yak skeleton (Abyss)
  5 flaming corpses
  A snapping turtle (shapeshifter) (Vault:8)
  5 siren zombies
  An anaconda simulacrum (Port)
  4 lindwurms (Lair:2)
  3 green draconian skeletons
  12 orc sorcerers
  A harpy (shapeshifter) (Vault:3)
  5 mottled draconian skeletons
  4 purple draconian skeletons
  7 grey draconian skeletons
  6 black draconian skeletons
  4 vampire magi
  2 red draconian skeletons
  3 iron troll skeletons
  3 white draconian skeletons
  Joseph (D:11)
  18 flayed ghosts
  3 sea snake skeletons
  3 pale draconian skeletons
  12 humans
  Urug (D:12)
  2 minotaur zombies
  4 crystal golems
  18 phantasmal warriors
  53 hellions
  3 guardian serpents
  A yellow draconian skeleton (Tomb:2)
  8 necromancers
  A red wasp (shapeshifter) (Vault:8)
  4 death drake zombies
  A fire crab (shapeshifter) (Vault:8)
  20 deep dwarf berserkers (Port)
  4 oklob plants
  3 red wasps
  93 sixfirhies
  A door mimic (D:16)
  A minotaur skeleton (Geh:3)
  21 cyclopes
  2 griffon zombies
  11 eyes of devastation
  18 black mambas
  16 shining eyes
  A wolf spider zombie (Crypt:3)
  29 moths of wrath
  A guardian serpent zombie (Crypt:3)
  A dragon zombie (Abyss)
  4 death drake skeletons
  2 hydra skeletons
  2 red wasp zombies (Vault:5)
  26 elephants
  3 elephant slugs
  2 harpy skeletons
  6 ice dragon zombies
  2 siren skeletons (Abyss)
  2 ettin zombies
  7 mimics
  A trap mimic (Vault:4)
  An iron dragon simulacrum (Port)
  2 wolf spiders (shapeshifter) (Vault:8)
  A draconian zombie (Crypt:4)
  An elephant (shapeshifter) (Vault:8)
  A fire crab (D:16)
  5 spiny worms
  82 slime creatures
  2 shop mimics
  4 spectral dragons (Crypt:1)
  A glowing shapeshifter (Vault:8)
  A stone giant simulacrum (D:19)
  9 wolf spiders
  A fountain mimic (D:18)
  33 Lorocyprocas
  A dragon skeleton (Tomb:2)
  A spiny worm zombie (Vault:5)
  39 tormentors
  10 ice dragon skeletons
  4 trapdoor spiders
  2 griffon skeletons
  An emperor scorpion zombie (Port)
  An eye of devastation (shapeshifter) (Vault:8)
  2 slime creatures (shapeshifter)
  4 portal mimics
  49 reapers
  233 hellwings
  3 alligator skeletons
  6 ettin skeletons
  12 spiny frogs
  Psyche (D:9)
  82 yaktaurs
  13 rock trolls
  74 guardian mummies
  A giant toad skeleton (Tomb:1)
  3 hill giant zombies
  10 naga magi
  280 orange demons
  A spriggan skeleton (Geh:7)
  A spriggan zombie (Crypt:1)
  10 mermaids
  2 hill giant skeletons
  6 komodo dragons
  Grinder (D:5)
  3 queen bees
  4 rock troll zombies
  6 efreeti
  108 large large abominations
  37 iron devils
  2 spriggans (shapeshifter)
  147 ugly things
  Prince Ribbit (D:5)
  11 redbacks
  307 smoke demons
  12 snapping turtles
  13 trolls
  A purple draconian simulacrum (Pan)
  2 deep troll zombies (Port)
  4 silent spectres
  2 agate snail zombies
  2 spriggans
  7 two-headed ogres
  40 deep dwarf artificers (Port)
  3 wandering mushrooms (Zot:3)
  A red wasp simulacrum (Vault:1)
  30 deep dwarf necromancers (Port)
  A two-headed ogre (shapeshifter) (D:19)
  11 blink frogs
  37 giant toads
  21 demonic crawlers
  A snapping turtle skeleton (Tomb:2)
  48 brown oozes
  A brown ooze (shapeshifter) (Lair:3)
  3 deep troll skeletons
  2 baby alligators (Swamp:3)
  31 deep dwarf scions
  2 rotting hulks (Port)
  4 rock troll skeletons
  3 spiny frog skeletons
  19 hairy devils
  An elephant zombie (Tomb:1)
  A baby alligator skeleton (Tar:4)
  A giant toad (shapeshifter) (D:27)
  16 metal gargoyles (Dis:7)
  7 wyverns
  26 vampires
  A lindwurm zombie (Tar:4)
  14 deep elf conjurers
  43 wraiths
  A swamp dragon zombie (Port)
  A toenail golem (Pan)
  2 lindwurm skeletons
  2 viper zombies
  4 air elementals (Pan)
  A blink frog skeleton (Tar:7)
  3 merfolk skeletons
  5 merfolk (shapeshifter)
  26 golden eyes
  32 blue devils
  An elephant skeleton (Crypt:1)
  93 yaks
  11 deep elf summoners
  6 fire crab zombies
  2 chaos spawns (Abyss)
  29 beasts
  214 ynoxinuls
  6 steam dragons (Port)
  A swamp dragon skeleton (Abyss)
  7 fire drakes
  6 fire elementals
  Grum (D:9)
  304 neqoxecs
  A wood golem (Port)
  2 bears
  47 shadow demons
  3 vipers (Port)
  3 war dogs (D:9)
  A fire drake skeleton (Crypt:2)
  2 clay golems
  2 fire drakes (shapeshifter)
  A spatial vortex (Tar:7)
  7 molten gargoyles (Geh:7)
  2 rock worms
  A soldier ant (Vault:1)
  A komodo dragon zombie (D:13)
  5 water elementals
  52 merfolk
  5 hogs (Orc:3)
  2 giant slug zombies
  A hog skeleton (Crypt:2)
  A mermaid zombie (Coc:7)
  14 hippogriffs
  17 hungry ghosts
  36 deep elf fighters
  A manticore (shapeshifter) (Vault:8)
  9 swamp worms
  7 mottled dragons
  2 yaktaur zombies
  30 necrophages
  A komodo dragon skeleton (Crypt:5)
  14 manticores
  4 sky beasts
  28 vampire mosquitos
  An orange crystal statue (D:18)
  22 freezing wraiths
  53 hell hounds
  10 ghouls
  3 jumping spiders (Port)
  2 kenku (Swamp:5)
  84 red devils
  A jumping spider zombie (Coc:7)
  8 yellow wasps
  4 yaktaur skeletons
  48 orc warriors
  A swamp dragon simulacrum (Tomb:2)
  23 insubstantial wisps
  16 deep elf priests
  2 cyclops skeletons
  9 ice beasts
  10 phantoms
  A black bear (shapeshifter) (D:23)
  A deep dwarf (shapeshifter) (Vault:8)
  A grizzly bear zombie (Crypt:2)
  13 swamp drakes
  13 crocodiles
  52 deep dwarves
  A boulder beetle (shapeshifter) (D:20)
  6 giant goldfish zombies
  35 ogres
  A troll zombie (D:13)
  A yak zombie (D:17)
  10 giant goldfish
  5 lava worms
  A hippogriff zombie (Geh:7)
  15 nagas
  A yak skeleton (Crypt:1)
  3 giant goldfish skeletons
  A hog simulacrum (Tomb:1)
  9 gila monsters
  A hippogriff skeleton (Crypt:5)
  3 polar bear skeletons
  2 human skeletons
  A troll skeleton (Crypt:5)
  2 boring beetles
  11 wargs
  Sigmund (D:4)
  2 big kobolds
  Duvessa (D:5)
  49 rotting devils
  A yaktaur simulacrum (Vault:4)
  3 boulder beetle zombies
  A brain worm (shapeshifter) (Vault:8)
  46 centaurs
  28 deep elf magi
  A war dog zombie (Crypt:1)
  A wolf (Lair:1)
  3 elf zombies
  2 wolf skeletons
  27 giant frogs
  15 giant slugs
  A yellow wasp zombie (Crypt:5)
  10 brain worms
  A boring beetle zombie (Vault:4)
  3 war dog skeletons
  A centaur zombie (Crypt:4)
  23 deep dwarf zombies (Port)
  A giant frog zombie (Crypt:3)
  143 small abominations
  2 giant leeches
  41 water moccasins
  2 earth elementals (Pan)
  A giant slug simulacrum (Tomb:1)
  A giant frog skeleton (Tomb:2)
  9 tarantellas (Port)
  9 agate snails
  5 elves (shapeshifter)
  A two-headed ogre skeleton (Crypt:5)
  A centaur skeleton (Crypt:1)
  164 killer bees
  A warg skeleton (Crypt:4)
  A water moccasin skeleton (Vault:5)
  A warg zombie (Crypt:4)
  14 eyes of draining
  3 boulder beetles
  2 felid zombies (Crypt:2)
  A giant leech zombie (Geh:5)
  3 lava fish
  15 jellyfish
  4 pulsating lumps
  A killer bee zombie (Coc:7)
  6 lava snakes
  3 kenku zombies
  A mottled dragon zombie (Geh:7)
  2 gnome zombies
  A brain worm zombie (Abyss)
  A crocodile zombie (Crypt:4)
  A demigod zombie (Tomb:1)
  7 electric eels
  4 big kobold zombies
  119 imps
  104 wights
  2 felid skeletons (Crypt:3)
  2 mottled dragon skeletons
  An ogre zombie (Geh:7)
  Dowan (D:5)
  2 big kobold skeletons
  A gila monster skeleton (Geh:5)
  66 shadows
  15 hounds
  18 big fish
  10 goliath beetles
  264 iron imps
  A crocodile skeleton (Geh:7)
  2 deep dwarf skeletons
  A demigod skeleton (Crypt:5)
  A water moccasin simulacrum (Tomb:1)
  2 quasits
  3 hound skeletons
  4 iguanas
  31 orc priests
  5 hound zombies
  A naga zombie (Crypt:5)
  A scorpion (shapeshifter) (D:26)
  7 orange rats
  17 scorpions
  A worker ant zombie (D:6)
  5 porcupines
  65 deep elf soldiers
  41 orc wizards
  8 worker ants
  16 sheep
  2 swamp drake skeletons
  2 big fish zombies (Coc:5)
  14 human zombies
  An orange rat zombie (Dis:7)
  2 worm zombies
  A demonspawn simulacrum (Tomb:3)
  5 boggarts (D:18)
  30 jellies
  5 fire vortices (Pan)
  A goliath beetle zombie (Dis:7)
  124 flying skulls
  A mummy (Tar:1)
  22 gnolls
  29 green rats
  281 lemures
  47 snakes
  226 white imps
  22 giant centipedes
  3 giant centipede zombies
  248 midges
  84 shadow imps
  2 giant mites
  2 iguana skeletons
  6 orc zombies
  A sheep skeleton (Geh:7)
  4 snake skeletons
  7 worms
  A giant eyeball (shapeshifter) (Temple)
  403 ufetubi
  12 grey rats
  13 giant eyeballs
  2 giant mite zombies
  2 megabat skeletons
  A megabat zombie (Crypt:4)
  A gnoll zombie (Tar:7)
  24 oozes
  24 goblins
  22 hobgoblins
  33 jackals
  65 megabats
  258 orcs
  24 quokkas
  8 giant cockroaches
  5 giant geckos
  A giant gecko skeleton (D:5)
  11 giant newts
  A giant newt zombie (Dis:7)
  3 giant spores
  2 goblin zombies (Crypt:4)
  2 grey rat skeletons
  A grey rat zombie (Dis:7)
  A hobgoblin skeleton (Geh:5)
  5 illusory rakshasas (Pan)
  A jackal skeleton (Vault:5)
  54 killer bee larvae
  3 killer bee larva zombies
  37 kobolds
  A kobold skeleton (D:6)
  A kobold zombie (Dis:7)
  An orc simulacrum (Vault:1)
  3 orc skeletons
  A quokka skeleton (Crypt:2)
  51 rats
  2 rat skeletons
  A small snake (D:1)
  A small snake skeleton (Tar:7)
  13 ballistomycetes
  58 butterflies
  11 fungi
  41 plants
  83 toadstools
10553 creatures vanquished.

Vanquished Creatures (collateral kills)
  6 demon lords (Pan)
  A Fiend (Pan)
  A shadow dragon (Vault:8)
  Kirke (Orc:2)
  A Shadow Fiend (Pan)
  Frances (D:22)
  Roxanne (Elf:4)
  A Balrug (Pan)
  4 Executioners (Pan)
  A tentacled monstrosity (Vault:8)
  A stone giant (Hell)
  8 Blue Deaths (Pan)
  2 great orbs of eyes (Vault:3)
  A dragon (D:20)
  2 mummy priests
  2 Cacodemons (Pan)
  2 ogre magi (Vault:4)
  2 deep trolls
  10 ball lightnings (Vault:4)
  3 very ugly things
  A sphinx skeleton (Pan)
  3 soul eaters
  44 slime creatures
  A black draconian zombie (Crypt:1)
  12 skeletal warriors
  A swamp dragon (Lair:2)
  4 flayed ghosts
  A sea snake (Temple)
  A giant amoeba (D:16)
  2 orc sorcerers
  2 hill giants
  8 crystal golems (D:18)
  A cyclops (Temple)
  2 sixfirhies
  A red wasp (D:20)
  3 mimics
  A red wasp zombie (Crypt:4)
  9 large large abominations (Pan)
  An eye of devastation (Temple)
  A yaktaur (Temple)
  An elephant (Vault:3)
  A reaper (Tomb:1)
  A shining eye (Lair:2)
  6 orange demons
  3 rock trolls
  A spiny frog (Lair:2)
  A hellwing (Pan)
  A queen ant zombie (Tomb:2)
  A giant toad skeleton (Crypt:4)
  28 guardian mummies
  2 komodo dragons
  A silent spectre (Crypt:4)
  17 ugly things
  A snapping turtle (Temple)
  A rock troll zombie (Vault:3)
  6 smoke demons (Pan)
  3 two-headed ogres (Vault:4)
  A blink frog (Lair:3)
  2 hairy devils
  A giant firefly simulacrum (Crypt:2)
  A snapping turtle skeleton (Crypt:4)
  A giant toad (Vault:3)
  2 wraiths
  2 ynoxinuls (Pan)
  5 air elementals
  A fire elemental (Orc:3)
  A hippogriff (D:17)
  A shadow demon (Pan)
  A deep elf summoner (Elf:5)
  A wyvern (D:18)
  2 merfolk
  A swamp dragon skeleton (Crypt:2)
  A neqoxec (Abyss)
  A ghoul (Tomb:3)
  3 necrophages
  2 freezing wraiths
  A hell hound (Orc:3)
  A cyclops skeleton (Crypt:2)
  A troll zombie (Orc:3)
  3 orc warriors
  A beast (Pan)
  4 ogres (Vault:4)
  A centaur (Temple)
  A yellow wasp (D:20)
  A wolf (Lair:1)
  2 wargs
  2 wights
  10 small abominations
  2 pulsating lumps
  A gnome skeleton (Crypt:4)
  6 shadows
  A demonspawn skeleton (Crypt:2)
  4 imps (Pan)
  4 iron imps (Pan)
  5 orc priests
  5 orc wizards
  A worker ant zombie (Crypt:1)
  A worker ant (D:11)
  3 orc zombies
  A worm zombie (Tomb:2)
  A jelly (Temple)
  50 mummies
  10 flying skulls
  14 lemures (Pan)
  4 gnolls
  A sheep zombie (Crypt:1)
  A green rat (Lair:1)
  14 midges (Pan)
  3 shadow imps (Pan)
  A porcupine skeleton (Crypt:1)
  11 white imps (Pan)
  10 ufetubi (Pan)
  4 hobgoblins
  3 megabats
  43 orcs
  A giant newt (Temple)
  2 goblins
  4 kobolds
  2 kobold zombies (Crypt:1)
  2 orc skeletons
  6 butterflies (Pan)
  5 toadstools
509 creatures vanquished.

Vanquished Creatures (others)
  An iron dragon (Pan)
  A draconian monk (Zot:1)
  A draconian knight (Zot:4)
  A tentacled monstrosity (Zot:1)
  3 pale draconians (Zot:1)
  A white draconian (Zot:1)
  2 minotaurs (Pan)
  A death cob (Zot:1)
  5 dancing weapons (Blade)
  6 ball lightnings (Vault:4)
  A ghost moth (Zot:1)
  A necromancer (Crypt:5)
  A death yak skeleton (Pan)
  3 moths of wrath (Zot:1)
  49 slime creatures
  A guardian serpent skeleton (Crypt:5)
  An alligator skeleton (Tomb:3)
  A large large abomination (Pan)
  A deep troll zombie (Crypt:5)
  A baby alligator zombie (Crypt:5)
  A swamp drake (Abyss)
  106 air elementals
  An elephant skeleton (Crypt:5)
  A ynoxinul (Pan)
  A necrophage (Crypt:5)
  A yaktaur skeleton (Crypt:5)
  A grizzly bear skeleton (Crypt:5)
  4 small abominations (Pan)
  A killer bee (D:12)
  4 wights
  A big kobold zombie (Crypt:5)
  A gila monster zombie (Crypt:5)
  2 imps
  An ogre skeleton (Crypt:5)
  A big kobold skeleton (Crypt:5)
  A gnome skeleton (Crypt:5)
  An orc priest (D:12)
  A big fish (Zot:1)
  A sheep (D:12)
  A jelly (Slime:3)
  5 mummies
  8 lemures (Pan)
  A green rat (Tomb:1)
  A midge (Pan)
  A shadow imp (Tar:7)
  3 snakes
  A white imp (Pan)
  A worm (Swamp:5)
  14 ufetubi
  A giant eyeball (Pan)
  A gnoll zombie (Crypt:5)
  A goblin (D:5)
  21 grey rats
  A hobgoblin (shapeshifter) (D:18)
  7 orcs
  A hobgoblin zombie (Crypt:5)
  2 jackals (Lair:2)
  7 killer bee larvae (Hive:2)
  17 megabats
  An orc skeleton (D:10)
  15 quokkas
  18 rats
  A rat zombie (Crypt:1)
  182 butterflies
  20 eldritch tentacle segments (Pan)
  10 fungi
  2 plants (Lair:8)
  594 toadstools
1151 creatures vanquished.

Grand Total: 12213 creatures vanquished

Notes
Turn   | Place    | Note
--------------------------------------------------------------
     0 | D:1      | clouded, the Demonspawn Air Elementalist, began the quest for the Orb.
     0 | D:1      | Reached XP level 1. HP: 10/10 MP: 3/3
   221 | D:1      | Reached skill level 3 in Air Magic
   221 | D:1      | Reached skill level 2 in Conjurations
   407 | D:1      | Gained mutation: You have large cloven feet.
   407 | D:1      | Reached XP level 2. HP: 7/15 MP: 1/4
  1394 | D:2      | Reached XP level 3. HP: 21/21 MP: 3/5
  1430 | D:2      | Learned a level 3 spell: Mephitic Cloud
  1483 | D:2      | Reached skill level 3 in Conjurations
  2873 | D:3      | Reached skill level 4 in Air Magic
  3321 | D:3      | Gained mutation: You are resistant to hostile enchantments.
  3321 | D:3      | Reached XP level 4. HP: 26/26 MP: 5/7
  3721 | D:4      | Reached skill level 4 in Conjurations
  4258 | D:4      | Found a staircase to the Ecumenical Temple.
  4284 | Temple   | Entered the Ecumenical Temple
  4329 | Temple   | Became a worshipper of Sif Muna the Loreminder
  4340 | D:4      | Reached skill level 2 in Dodging
  4347 | D:4      | HP: 4/26 [worker ant (7)]
  4353 | D:4      | HP: 4/26 [worker ant (6)]
  4677 | D:4      | Reached XP level 5. HP: 32/32 MP: 1/8
  4806 | D:4      | Reached skill level 2 in Spellcasting
  4843 | D:4      | Reached skill level 2 in Stealth
  4892 | D:4      | Learned a level 2 spell: Swiftness
  5087 | D:4      | Reached XP level 6. HP: 34/37 MP: 5/11
  5121 | D:4      | Noticed Sigmund
  5157 | D:4      | Found a basalt altar of Yredelemnul.
  5160 | D:4      | Reached skill level 5 in Air Magic
  5161 | D:4      | Reached skill level 5 in Conjurations
  5256 | D:4      | Defeated Sigmund
  5555 | D:4      | Acquired Sif Muna's first power
  5861 | D:5      | Entered Level 5 of the Dungeon
  5865 | D:5      | Found a shimmering altar of Xom.
  6062 | D:5      | Reached skill level 6 in Conjurations
  6063 | D:5      | Reached skill level 3 in Spellcasting
  6071 | D:5      | Reached skill level 6 in Air Magic
  6271 | D:5      | Noticed Grinder
  6314 | D:5      | Defeated Grinder
  6314 | D:5      | Gained mutation: You are partially covered in large bone plates (AC +2, SH +2).
  6314 | D:5      | Reached XP level 7. HP: 43/43 MP: 10/14
  6469 | D:5      | Noticed Prince Ribbit
  6504 | D:5      | Reached skill level 1 in Poison Magic
  6564 | D:5      | Acquired Sif Muna's second power
  6565 | D:5      | HP: 8/43 [Prince Ribbit (19)]
  6569 | D:5      | Defeated Prince Ribbit
  6862 | D:5      | Reached skill level 7 in Conjurations
  7013 | D:5      | Noticed Duvessa
  7023 | D:5      | Noticed Dowan
  7194 | D:5      | Defeated Dowan
  7236 | D:5      | Reached skill level 7 in Air Magic
  7372 | D:5      | Reached skill level 2 in Poison Magic
  7394 | D:5      | Defeated Duvessa
  7586 | D:5      | Reached XP level 8. HP: 48/48 MP: 11/16
  7942 | D:6      | Reached skill level 4 in Spellcasting
  8164 | D:6      | Reached skill level 1 in Long Blades
  8235 | D:6      | Reached skill level 8 in Conjurations
  8449 | D:7      | Reached skill level 3 in Dodging
  8879 | D:7      | Got a faintly glowing spear
  8980 | D:7      | Reached skill level 8 in Air Magic
  9341 | D:7      | Reached skill level 1 in Fighting
  9341 | D:7      | Reached skill level 1 in Unarmed Combat
  9405 | D:7      | Gained mutation: You are highly resistant to hostile enchantments.
  9405 | D:7      | Reached XP level 9. HP: 55/55 MP: 19/19
  9536 | D:7      | Reached skill level 3 in Stealth
  9798 | D:8      | Reached skill level 9 in Conjurations
  9806 | D:8      | Acquired Sif Muna's third power
 10165 | D:8      | Found an iron altar of Okawaru.
 10169 | D:8      | Found Utsopnaq's Magic Scroll Shop.
 10175 | D:8      | Bought a scroll of immolation for 1 gold piece
 10238 | D:8      | Reached skill level 9 in Air Magic
 10290 | D:8      | Reached skill level 2 in Long Blades
 10508 | D:8      | Found a burning altar of Makhleb.
 10835 | D:9      | Identified the spear of Defiance {drain, rF- Str+2} (You found it on level 7 of the Dungeon)
 11127 | D:9      | Noticed Grum
 11307 | D:9      | Reached skill level 10 in Conjurations
 11309 | D:9      | Defeated Grum
 11309 | D:9      | Reached skill level 5 in Spellcasting
 11578 | D:9      | Noticed Psyche
 11616 | D:9      | Reached XP level 10. HP: 57/61 MP: 8/21
 11756 | D:9      | Defeated Psyche
 11879 | D:10     | Entered Level 10 of the Dungeon
 12651 | D:11     | Reached skill level 10 in Air Magic
 12959 | D:11     | Found a staircase to the Orcish Mines.
 12961 | D:11     | Noticed Joseph
 12982 | D:11     | Defeated Joseph
 12986 | D:11     | Learned a level 2 spell: Repel Missiles
 13612 | D:12     | Reached skill level 11 in Conjurations
 13624 | D:12     | Noticed Urug
 13653 | D:12     | Defeated Urug
 13832 | D:12     | Reached skill level 1 in Charms
 13832 | D:12     | Received a gift from Sif Muna
 13834 | D:12     | Got an inconspicuous book {god gift}
 13835 | D:12     | Identified Jikh's Reference Book on Damaging Feathers {god gift} (Sif Muna gifted it to you on level 12 of the Dungeon)
 13839 | D:12     | Noticed Jozef
 13928 | D:12     | Learned a level 4 spell: Airstrike
 13934 | D:12     | Learned a level 5 spell: Lightning Bolt
 14174 | D:12     | Reached skill level 6 in Spellcasting
 14388 | D:12     | Reached skill level 11 in Air Magic
 14489 | D:12     | Found a staircase to the Lair.
 14665 | D:12     | Reached XP level 11. HP: 57/67 MP: 11/23
 15221 | D:12     | Defeated Jozef
 15231 | D:12     | Reached skill level 4 in Dodging
 15236 | D:12     | Reached skill level 2 in Fighting
 15325 | D:12     | Got a mithril axe
 15380 | D:12     | Reached skill level 3 in Poison Magic
 15393 | D:12     | Reached skill level 12 in Air Magic
 15429 | D:12     | Reached skill level 4 in Stealth
 15521 | Lair:1   | Entered Level 1 of the Lair of Beasts
 15716 | D:12     | Reached skill level 7 in Spellcasting
 17305 | Lair:1   | Reached skill level 3 in Long Blades
 17367 | Lair:1   | Reached skill level 12 in Conjurations
 18396 | Lair:1   | Received a gift from Sif Muna
 18397 | Lair:1   | Got a graven book {god gift}
 18398 | Lair:1   | Identified Sif Muna's Incunabulum of Confrontation {god gift} (Sif Muna gifted it to you on level 1 of the Lair of Beasts)
 18461 | Lair:1   | Learned a level 5 spell: Poisonous Cloud
 18461 | Lair:1   | Sif, the best god.
 18681 | Lair:2   | Reached skill level 1 in Invocations
 18683 | Lair:2   | Reached skill level 2 in Invocations
 18697 | Lair:2   | Reached skill level 3 in Invocations
 18702 | Lair:2   | Reached skill level 2 in Charms
 18893 | Lair:2   | Reached skill level 13 in Air Magic
 18956 | Lair:1   | Gained mutation: You passively map a small area around you.
 18956 | Lair:1   | Gained mutation: You are mostly covered in large bone plates (AC +3, SH +3).
 18956 | Lair:1   | Reached XP level 12. HP: 37/74 MP: 6/26
 19737 | Lair:2   | Reached skill level 3 in Charms
 19979 | Lair:2   | Reached skill level 8 in Spellcasting
 19990 | Lair:2   | Reached skill level 4 in Charms
 20587 | Lair:3   | Found a staircase to the Shoals.
 20888 | Lair:3   | Reached skill level 4 in Long Blades
 21080 | Lair:3   | Reached skill level 5 in Dodging
 21589 | Lair:3   | Found a crumbling entrance.
 21597 | Spider   | Entered a spider's nest
 21751 | Spider   | Reached skill level 3 in Fighting
 22359 | Spider   | Reached skill level 14 in Air Magic
 22401 | Spider   | Received a gift from Sif Muna
 22519 | Spider   | Reached skill level 4 in Poison Magic
 22704 | Spider   | Reached skill level 5 in Charms
 22727 | Spider   | Got an engraved book
 22767 | Lair:3   | Identified the Collected Works on Excruciating Contamination (You found it in a spider's nest)
 22972 | Lair:3   | Learned a level 2 spell: Blink
 23118 | Lair:2   | Identified the mithril axe "Arga" {speed, MR Str+2} (You took it off Jozef on level 12 of the Dungeon)
 24160 | Lair:4   | Found a staircase to the Swamp.
 24440 | Lair:4   | Gained mutation: You have hoof-like feet.
 24440 | Lair:4   | Reached XP level 13. HP: 58/81 MP: 10/28
 24451 | Lair:4   | Reached skill level 4 in Invocations
 25509 | Lair:5   | Reached skill level 5 in Invocations
 26080 | Lair:6   | Reached skill level 6 in Invocations
 26168 | Lair:6   | Reached skill level 9 in Spellcasting
 26863 | Lair:6   | Identified a scroll of acquirement
 27795 | Lair:7   | Noticed a redback
 27798 | Lair:7   | Defeated a redback
 28307 | Lair:7   | Reached skill level 6 in Charms
 29146 | Lair:8   | Entered Level 8 of the Lair of Beasts
 29206 | Lair:8   | Noticed a spiny worm
 29218 | Lair:8   | Defeated a spiny worm
 29527 | Lair:8   | Received a gift from Sif Muna
 30173 | Lair:8   | Reached skill level 7 in Charms
 30698 | Lair:8   | Reached skill level 1 in Evocations
 30842 | Lair:8   | Found a glowing golden altar of the Shining One.
 30875 | Lair:8   | Found a staircase to the Slime Pits.
 30963 | Lair:8   | Reached skill level 10 in Spellcasting
 31526 | Lair:8   | Reached skill level 7 in Invocations
 31664 | Lair:8   | Reached skill level 8 in Charms
 31671 | Lair:8   | Got a pair of twisted gloves
 31676 | Lair:8   | Got a bloodstained battleaxe
 31686 | Lair:8   | Identified the Wrath of Trog {antimagic} (You found it on level 8 of the Lair of Beasts)
 31690 | Lair:8   | Identified the cursed +0 pair of gloves "Cleeceom" (You found it on level 8 of the Lair of Beasts)
 31936 | Lair:8   | Reached skill level 2 in Unarmed Combat
 31947 | Lair:8   | Reached skill level 5 in Long Blades
 31951 | Lair:8   | Reached skill level 6 in Dodging
 31952 | Lair:8   | Reached XP level 14. HP: 72/86 MP: 19/30
 32173 | Lair:8   | Reached skill level 5 in Poison Magic
 32206 | Lair:8   | Reached skill level 8 in Invocations
 32719 | Orc:1    | Entered Level 1 of the Orcish Mines
 32915 | Orc:1    | Found Iloo's Magical Wand Emporium.
 33309 | Orc:3    | Noticed Kirke
 33577 | Orc:2    | Defeated Kirke
 33796 | Orc:3    | Noticed Maud
 33830 | Orc:3    | Defeated Maud
 34151 | Orc:2    | Received a gift from Sif Muna
 34152 | Orc:2    | Got a droning book {god gift}
 34192 | Orc:2    | Identified Sif Muna's Grimoire of Damage Dealing and Venom {god gift} (Sif Muna gifted it to you on level 2 of the Orcish Mines)
 34292 | Orc:2    | Noticed Harold
 34312 | Orc:2    | Defeated Harold
 34343 | Orc:2    | Reached skill level 9 in Charms
 34568 | Orc:4    | Entered Level 4 of the Orcish Mines
 34569 | Orc:4    | Noticed Rupert
 34727 | D:13     | Reached skill level 1 in Shields
 35104 | D:13     | Found a portal to a secret trove of treasure.
 36671 | D:14     | Reached skill level 4 in Fighting
 36681 | D:14     | Found a staircase to the Hive.
 36917 | D:14     | Reached skill level 2 in Evocations
 37078 | D:14     | You fall through a shaft!
 37088 | D:17     | Reached skill level 11 in Spellcasting
 37113 | D:15     | Entered Level 15 of the Dungeon
 37324 | D:14     | Reached skill level 13 in Conjurations
 37614 | D:14     | Reached skill level 5 in Stealth
 37650 | D:14     | Reached skill level 6 in Long Blades
 38589 | D:14     | HP: 6/89 [skeletal warrior/ runed arrow (14)]
 39482 | D:15     | Noticed Snorg
 39927 | D:15     | Defeated Snorg
 40141 | D:15     | Found Laehuck's Magical Wand Boutique.
 40589 | D:16     | Found a staircase to the Vaults.
 40775 | D:16     | Gained mutation: You are completely covered in large bone plates (AC +4, SH +4).
 40775 | D:16     | Reached XP level 15. HP: 90/94 MP: 23/32
 40854 | D:16     | Reached skill level 6 in Poison Magic
 40920 | D:16     | Reached skill level 2 in Shields
 41188 | D:16     | Reached skill level 10 in Charms
 41857 | D:17     | Reached skill level 7 in Dodging
 42594 | D:17     | Received a gift from Sif Muna
 42676 | D:17     | Got a glistering book {god gift}
 42677 | D:17     | Identified Sif Muna's Reference Book on Venom {god gift} (Sif Muna gifted it to you on level 17 of the Dungeon)
 43110 | D:17     | Reached skill level 7 in Long Blades
 43814 | D:18     | Noticed a crystal golem
 44078 | Lair:2   | Learned a level 6 spell: Haste
 44236 | Hive:1   | Entered Level 1 of the Hive
 44355 | Hive:1   | Learned a level 1 spell: Apportation
 44461 | Hive:2   | Entered Level 2 of the Hive
 44501 | Hive:2   | Got an ancient copper ring
 44502 | Hive:2   | Identified the ring "Staageb" (You found it on level 2 of the Hive)
 44599 | Hive:2   | Reached skill level 12 in Spellcasting
 46203 | Hive:2   | Got a jade amulet
 46223 | Hive:2   | Identified the amulet of the Four Winds {four winds (Clar, rN+, MR), } (You found it on level 2 of the Hive)
 46304 | Hive:2   | Reached skill level 1 in Traps & Doors
 46808 | Orc:4    | Defeated Rupert
 46811 | Orc:4    | Noticed Erica
 46825 | Orc:4    | Defeated Erica
 47063 | Orc:4    | Found Nacig's Magical Wand Emporium.
 47286 | Orc:4    | Found a staircase to the Elven Halls.
 47329 | Orc:4    | Noticed Nikola
 47428 | Orc:4    | Defeated Nikola
 47438 | Orc:4    | Identified a +1 cloak of preservation (You took it off Nikola on level 4 of the Orcish Mines)
 47843 | Elf:1    | Entered Level 1 of the Elven Halls
 47916 | Elf:1    | Found Ottaeh's Weapon Boutique.
 48058 | Elf:1    | Found a burning altar of Makhleb.
 48257 | Elf:1    | Reached skill level 11 in Charms
 48499 | Elf:1    | Learned a level 1 spell: Summon Small Mammals
 49084 | Elf:2    | Noticed Nessos
 49094 | Elf:2    | Defeated Nessos
 49308 | Elf:2    | Found Gryd's Weapon Emporium.
 49574 | Elf:2    | Noticed Aizul
 49641 | Elf:2    | Defeated Aizul
 50037 | Elf:2    | Reached skill level 3 in Shields
 50039 | Elf:2    | Reached skill level 15 in Air Magic
 50048 | Elf:2    | Received a gift from Sif Muna
 50050 | Elf:2    | Reached skill level 1 in Translocations
 50422 | Lair:2   | Learned a level 4 spell: Summon Elemental
 50777 | Elf:2    | You fall through a shaft!
 50798 | Elf:3    | Found a flickering gateway to a bazaar. 50816
                  | bazaar
                  | Entered a bazaar 50820
                  | bazaar
                  | Found Etruong's Assorted Antiques. 50838
                  | bazaar
                  | Found Primaeru's Book Emporium. 50855
                  | bazaar
                  | Found Vageh's Antique Armour Boutique. 50872
                  | bazaar
                  | Found Suazul's Antique Armour Shoppe. 50877
                  | bazaar
                  | Bought a pair of glowing gauntlets for 31 gold pieces 50895
                  | bazaar
                  | Bought a scroll of identify for 40 gold pieces 50895
                  | bazaar
                  | Bought a scroll of teleportation for 60 gold pieces 50895
                  | bazaar
                  | Bought a scroll of identify for 40 gold pieces 50896
                  | bazaar
                  | Bought a thin sapphire amulet for 100 gold pieces 50913
                  | bazaar
                  | Bought a book of Necromancy for 330 gold pieces
 51728 | Elf:3    | Reached skill level 1 in Summonings
 51733 | Elf:3    | Reached skill level 2 in Summonings
 51951 | Elf:3    | Gained mutation: You are robust (+10% HP).
 51951 | Elf:3    | Reached XP level 16. HP: 96/107 MP: 30/34
 52167 | Elf:3    | Reached skill level 3 in Summonings
 53122 | Elf:4    | Found Unawaag's Antique Armour Shop.
 53123 | Elf:4    | Noticed Louise
 53140 | Elf:4    | Defeated Louise
 53228 | Elf:3    | Reached skill level 4 in Summonings
 53710 | Elf:4    | Noticed Roxanne
 54050 | Elf:4    | Defeated Roxanne
 54230 | Elf:4    | Noticed Mara
 54848 | Elf:4    | Noticed an orc priest
 54848 | Elf:4    | Noticed an orc priest
 54851 | Elf:4    | Defeated an orc priest
 54854 | Elf:4    | Defeated an orc priest
 54866 | Elf:4    | Defeated Mara
 55136 | Elf:4    | Reached skill level 5 in Summonings
 55143 | Elf:4    | Reached skill level 2 in Translocations
 55148 | Elf:4    | Received a gift from Sif Muna
 55230 | Elf:4    | Reached skill level 6 in Summonings
 55231 | Elf:4    | Got a droning book {god gift}
 55232 | Elf:4    | Identified Jentef's Collected Works on Charms {god gift} (Sif Muna gifted it to you on level 4 of the Elven Halls)
 55370 | Elf:3    | Reached skill level 8 in Long Blades
 56167 | Elf:5    | Entered Level 5 of the Elven Halls
 56202 | Elf:5    | Noticed Agnes
 56238 | Elf:5    | Defeated Agnes
 56260 | Elf:5    | Noticed Donald
 56281 | Elf:5    | Defeated Donald
 56425 | Elf:5    | Found a flickering gateway to a bazaar. 56444
                  | bazaar
                  | Entered a bazaar 56444
                  | bazaar
                  | Found Xeahevy's Magic Scroll Boutique. 56444
                  | bazaar
                  | Found Vupruet's General Store. 56444
                  | bazaar
                  | Found Yzeukh's Assorted Antiques. 56444
                  | bazaar
                  | Found Rited's Food Boutique. 56485
                  | bazaar
                  | Bought a scroll of blinking for 33 gold pieces 56485
                  | bazaar
                  | Bought a scroll of identify for 22 gold pieces 56485
                  | bazaar
                  | Bought a scroll of teleportation for 33 gold pieces 56485
                  | bazaar
                  | Bought a scroll of identify for 22 gold pieces 56485
                  | bazaar
                  | Bought a scroll of identify for 22 gold pieces 56485
                  | bazaar
                  | Bought a scroll of blinking for 33 gold pieces 56485
                  | bazaar
                  | Bought a scroll of teleportation for 33 gold pieces 56497
                  | bazaar
                  | Bought an iron ring for 75 gold pieces 56497
                  | bazaar
                  | Bought a scroll of identify for 30 gold pieces 56497
                  | bazaar
                  | Bought a scroll of identify for 30 gold pieces 56497
                  | bazaar
                  | Bought a potion of speed for 37 gold pieces 56502
                  | bazaar
                  | Bought a scroll of identify for 18 gold pieces
 57393 | Elf:5    | Reached skill level 13 in Spellcasting
 57928 | Elf:5    | Reached skill level 8 in Dodging
 58343 | Lair:2   | Learned a level 1 spell: Fulsome Distillation
 58349 | Lair:2   | Learned a level 4 spell: Dispel Undead
 59144 | Elf:4    | Reached skill level 1 in Necromancy
 59159 | Elf:4    | Reached skill level 1 in Transmutations
 59390 | Elf:5    | Reached skill level 2 in Necromancy
 59473 | Elf:5    | Reached skill level 5 in Fighting
 59481 | Elf:5    | Received a gift from Sif Muna
 59516 | Elf:5    | Got a levitating book {god gift}
 59517 | Elf:5    | Identified Waumatt's Papyrus of the Birds and Charms {god gift} (Sif Muna gifted it to you on level 5 of the Elven Halls)
 59609 | Elf:5    | Gained mutation: You are very robust (+20% HP).
 59609 | Elf:5    | Reached XP level 17. HP: 99/128 MP: 23/36
 59662 | Elf:5    | Reached skill level 2 in Transmutations
 59787 | Elf:5    | Noticed a deep elf master archer
 59787 | Elf:5    | Noticed a deep elf blademaster
 59860 | Elf:5    | Defeated a deep elf blademaster
 59965 | Elf:5    | Reached skill level 3 in Necromancy
 60127 | Elf:5    | Reached skill level 3 in Transmutations
 60246 | Elf:4    | Reached skill level 4 in Necromancy
 60605 | Elf:5    | Noticed a deep elf master archer
 60637 | Elf:5    | Defeated a deep elf master archer
 60781 | Elf:5    | Noticed a deep elf blademaster
 60828 | Elf:5    | Defeated a deep elf blademaster
 60836 | Elf:5    | Defeated a deep elf master archer
 61015 | Elf:5    | Reached skill level 4 in Transmutations
 61188 | Elf:5    | Got a scintillating pewter amulet
 61190 | Elf:5    | Got a conspicuous book
 61191 | Elf:5    | Identified the Collected Works on Earthen Hexes (You found it on level 5 of the Elven Halls)
 61217 | Elf:5    | Got an ichor-stained glaive
 61217 | Elf:5    | Got a transparent plate mail
 61414 | Elf:5    | Got a black book
 61415 | Elf:5    | Identified the Tome of the Toxic Entourage (You found it on level 5 of the Elven Halls)
 61423 | Elf:5    | Identified the amulet "Ynuaf" (You found it on level 5 of the Elven Halls)
 61786 | Lair:2   | Learned a level 1 spell: Summon Butterflies
 61966 | Vault:1  | Entered Level 1 of the Vaults
 62021 | Vault:1  | Reached skill level 5 in Necromancy
 62640 | Vault:1  | Reached skill level 14 in Conjurations
 63316 | Vault:1  | Found a basalt altar of Yredelemnul.
 63698 | Vault:1  | Reached skill level 6 in Necromancy
 63852 | Vault:1  | Got a blackened book
 63854 | Vault:1  | Got a shimmering helmet
 63862 | Vault:1  | Identified the cursed +3 helmet of Divine Compulsion (You found it on level 1 of the Vaults)
 63999 | Vault:1  | Received a gift from Sif Muna
 64002 | Vault:1  | Got an antique book {god gift}
 64003 | Vault:1  | Identified Sif Muna's Volume of Evil Charms {god gift} (Sif Muna gifted it to you on level 1 of the Vaults)
 65072 | Vault:2  | Reached skill level 7 in Necromancy
 65287 | Vault:1  | Identified the Almanac of the Voyage (You found it on level 1 of the Vaults)
 66134 | Vault:2  | Reached skill level 5 in Transmutations
 66382 | Vault:3  | Found an ancient bone altar of Kikubaaqudgha.
 66382 | Vault:3  | Found a staircase to the Crypt.
 66382 | Vault:3  | Found a basalt altar of Yredelemnul.
 66431 | Crypt:1  | Entered Level 1 of the Crypt
 66431 | Crypt:1  | Noticed Wiglaf
 66599 | Vault:3  | Found Twoimuwa's Magic Scroll Emporium.
 66919 | Vault:3  | Found Quluarai's Jewellery Boutique.
 66935 | Vault:3  | Bought a cursed -3 ring of intelligence for 1 gold piece
 66939 | Vault:3  | Bought an uncursed ring of sustenance for 192 gold pieces
 66980 | Vault:3  | Reached skill level 8 in Necromancy
 67512 | Vault:3  | Found Stileic's General Store.
 67698 | Vault:3  | Noticed an air elemental
 67702 | Vault:3  | Defeated an air elemental
 67736 | Vault:3  | Reached XP level 18. HP: 122/134 MP: 26/36
 67791 | Vault:3  | Reached skill level 9 in Long Blades
 68325 | Crypt:1  | Defeated Wiglaf
 68464 | Crypt:1  | Reached skill level 9 in Necromancy
 68813 | Vault:3  | Reached skill level 6 in Stealth
 69818 | Crypt:1  | Reached skill level 10 in Necromancy
 69887 | Crypt:1  | Found a shimmering altar of Xom.
 69893 | Crypt:1  | Received a gift from Sif Muna
 69895 | Crypt:1  | Got a droning book {god gift}
 69928 | Crypt:1  | Found a one-way gate to the infinite horrors of the Abyss.
 70749 | Crypt:1  | Reached skill level 14 in Spellcasting
 71051 | Crypt:1  | Reached skill level 11 in Necromancy
 72166 | Crypt:2  | Reached skill level 12 in Necromancy
 72586 | Crypt:2  | Noticed a reaper
 72587 | Crypt:2  | Noticed a reaper
 72587 | Crypt:2  | Noticed a reaper
 72587 | Crypt:2  | Noticed a reaper
 72587 | Crypt:2  | Noticed a reaper
 73093 | Crypt:2  | Reached skill level 6 in Transmutations
 73660 | Crypt:2  | Found a staircase to the Tomb.
 74004 | D:13     | Reached skill level 1 in Stabbing
 74147 | Lair:2   | Identified Sif Muna's Guide on Black Rites and Charms {god gift} (Sif Muna gifted it to you on level 1 of the Crypt)
 74681 | Crypt:3  | Reached skill level 13 in Necromancy
 75584 | Crypt:4  | Noticed Saint Roka
 75613 | Crypt:4  | Defeated Saint Roka
 75613 | Crypt:4  | Killed monsters: 20 trivial, 14 easy, 9 tough, 1 nasty; 9 corpses
 75613 | Crypt:4  | Reached XP level 19. HP: 126/140 MP: 17/37
 76102 | Crypt:4  | Received a gift from Sif Muna
 76868 | Crypt:4  | Reached skill level 14 in Necromancy
 77969 | Crypt:5  | Entered Level 5 of the Crypt
 79198 | Crypt:5  | Noticed a lich
 79206 | Crypt:5  | Defeated a lich
 79417 | Crypt:5  | Noticed a small abomination
 79422 | Crypt:5  | Defeated a small abomination
 80941 | Crypt:5  | Defeated a portal mimic
 81282 | Crypt:5  | Reached skill level 15 in Necromancy
 81308 | Crypt:5  | Received a gift from Sif Muna
 81823 | Crypt:5  | Found a basalt altar of Yredelemnul.
 81933 | Crypt:5  | Noticed an ancient lich
 81970 | Crypt:5  | Defeated an ancient lich
 81970 | Crypt:5  | Killed monsters: 45 trivial, 38 easy, 55 tough, 5 nasty; 9 corpses
 81970 | Crypt:5  | Reached XP level 20. HP: 84/145 MP: 20/38
 82318 | Crypt:5  | Got a blackened book
 82321 | Crypt:5  | Identified the Grimoire of Translocation (You found it on level 5 of the Crypt)
 82685 | Crypt:5  | Noticed a lich
 82744 | Crypt:5  | Defeated a lich
 83463 | Crypt:5  | Defeated a shop mimic
 84178 | Vault:4  | Noticed Frederick
 84349 | Vault:3  | Bought a scroll of amnesia for 60 gold pieces
 84359 | Vault:3  | Learned a level 7 spell: Conjure Ball Lightning
 84499 | Vault:4  | Defeated Frederick
 84720 | Vault:4  | Reached skill level 4 in Shields
 84752 | Vault:4  | Noticed Boris
 84843 | Vault:4  | Defeated Boris
 84867 | Vault:4  | Reached skill level 16 in Necromancy
 85100 | Vault:4  | Noticed a deep elf priest
 85114 | Vault:4  | Defeated a deep elf priest
 85639 | Vault:4  | Noticed Mennas
 85640 | Vault:4  | alright, ball lightning vs Mennas. Lets do this.
 85693 | Vault:4  | oh he's relec
 85755 | Vault:4  | Defeated Mennas
 85897 | Vault:4  | Reached skill level 7 in Transmutations
 86066 | Vault:4  | Found a deep blue altar of Sif Muna.
 86505 | Vault:5  | Found a staircase to the Hall of Blades.
 86835 | Vault:5  | Found Tiutor's Jewellery Emporium.
 86843 | Vault:5  | Bought a cursed ring of hunger for 2 gold pieces
 87005 | Vault:5  | Received a gift from Sif Muna
 87841 | Vault:5  | Found Peykeg's Jewellery Emporium.
 87851 | Vault:5  | Bought an uncursed ring of teleport control for 323 gold pieces
 87851 | Vault:5  | Bought a cursed -2 ring of dexterity for 1 gold piece
 88379 | Vault:5  | Gained mutation: You are extremely resistant to the effects of hostile enchantments.
 88379 | Vault:5  | Killed monsters: 26 trivial, 86 easy, 51 tough, 3 nasty; 54 corpses
 88379 | Vault:5  | Reached XP level 21. HP: 142/151 MP: 14/39
 88657 | Vault:5  | Got a black book
 88658 | Vault:5  | Identified the Volume of Ignition (You found it on level 5 of the Vaults)
 88779 | Vault:5  | Got an ichor-stained cloak
 88783 | Vault:5  | Identified the +3 cloak "Steojyny" (You found it on level 5 of the Vaults)
 89791 | Lair:2   | Learned a level 6 spell: Poison Arrow
 90190 | Vault:6  | Found Fumeg's Assorted Antiques.
 90259 | Vault:6  | Bought a flickering platinum ring for 235 gold pieces
 90259 | Vault:6  | Bought a scroll of identify for 94 gold pieces
 90260 | Vault:6  | Identified the cursed ring of Pseiweoll (You bought it in a shop on level 6 of the Vaults)
 90367 | Vault:6  | Found Shroddonoi's General Store.
 90392 | Vault:6  | Reached skill level 7 in Poison Magic
 90714 | Vault:6  | Found Juj Apru's Armour Boutique.
 91657 | Blade    | Entered the Hall of Blades
 91902 | Vault:6  | Found Micu's General Store.
 91986 | Vault:6  | Found Claufeiwk's Jewellery Shop.
 92408 | Vault:7  | Found Vud Ujy's Antique Armour Shoppe.
 92419 | Vault:7  | Bought a pair of fine gloves for 241 gold pieces
 92419 | Vault:7  | Bought a pair of embroidered boots for 58 gold pieces
 92501 | Vault:7  | Identified the +2 pair of gloves of Eternity (You bought it in a shop on level 7 of the Vaults)
 92743 | Vault:7  | Got a brightly glowing short sword
 93120 | Vault:7  | Received a gift from Sif Muna
 93125 | Vault:7  | Got an antique book {god gift}
 93126 | Vault:7  | Identified Sif Muna's Tome of Darkness {god gift} (Sif Muna gifted it to you on level 7 of the Vaults)
 94805 | D:18     | Noticed a crystal golem
 94806 | D:18     | Noticed a crystal golem
 94812 | D:18     | Noticed a crystal golem
 94816 | D:18     | Noticed an air elemental
 94820 | D:18     | Defeated an air elemental
 94834 | D:18     | Defeated a crystal golem
 94837 | D:18     | Defeated a crystal golem
 94847 | D:18     | Defeated a crystal golem
 94883 | D:18     | Defeated a crystal golem
 95243 | D:18     | Noticed a crystal golem
 95248 | D:18     | Reached skill level 7 in Summonings
 95258 | D:18     | Reached skill level 6 in Fighting
 95262 | D:18     | Defeated a crystal golem
 95406 | D:18     | Noticed a crystal golem
 95418 | D:18     | Defeated a crystal golem
 95430 | D:18     | Noticed a crystal golem
 95430 | D:18     | Noticed a crystal golem
 95432 | D:18     | Noticed an air elemental
 95435 | D:18     | Defeated an air elemental
 95444 | D:18     | Defeated a crystal golem
 95447 | D:18     | Defeated a crystal golem
 95448 | D:18     | Found a deep blue altar of Sif Muna.
 95450 | D:18     | Noticed a crystal golem
 95452 | D:18     | Noticed a crystal golem
 95462 | D:18     | Defeated a crystal golem
 95463 | D:18     | Noticed a crystal golem
 95465 | D:18     | Defeated a crystal golem
 95476 | D:18     | Defeated a crystal golem
 96747 | D:18     | Reached skill level 8 in Transmutations
 96876 | D:18     | Reached skill level 8 in Poison Magic
 97384 | D:19     | Reached skill level 2 in Traps & Doors
 98175 | D:20     | Entered Level 20 of the Dungeon
 98217 | D:20     | Killed monsters: 55 trivial, 138 easy, 40 tough, 0 nasty; 82 corpses
 98217 | D:20     | Reached XP level 22. HP: 144/159 MP: 16/39
100030 | Vault:1  | Got a dazzling banded mail
100120 | Vault:3  | Got a brightly glowing sling
100173 | Vault:4  | Got a faintly glowing chain mail
100197 | Vault:4  | Got an ancient scale mail
100267 | Vault:5  | Got a jewelled short sword
100415 | Crypt:2  | Got a brightly glowing bow
100693 | Lair:2   | Identified the +3 banded mail of the Elven Halls (You found it on level 1 of the Vaults)
100708 | Lair:2   | Identified the +2 scale mail of Amorality (You found it on level 4 of the Vaults)
100719 | Lair:2   | Identified the cursed short sword of Truncation {slice, MR Int-3 SInv} (You found it on level 7 of the Vaults)
100730 | Lair:2   | Identified the cursed -3 chain mail "Stiroduc" (You found it on level 4 of the Vaults)
101317 | D:21     | Noticed Boris
101364 | D:21     | Defeated Boris
101483 | D:21     | Reached skill level 10 in Long Blades
101587 | D:21     | Reached skill level 15 in Spellcasting
101607 | D:21     | Reached skill level 9 in Dodging
101803 | D:21     | Found a gateway to Hell.
102276 | D:22     | Noticed Frances
102291 | D:22     | Defeated Frances
102569 | D:22     | Received a gift from Sif Muna
102571 | D:22     | Got a colourful book {god gift}
102572 | D:22     | Identified Sif Muna's Catalogue of Earthen Transmutation {god gift} (Sif Muna gifted it to you on level 22 of the Dungeon)
102898 | D:22     | Reached skill level 12 in Charms
102920 | D:22     | Found a one-way gate leading to the halls of Pandemonium.
104118 | D:23     | Reached skill level 9 in Transmutations
105213 | D:24     | Noticed a deep elf priest
105214 | D:24     | Defeated a deep elf priest
105217 | D:24     | Noticed a deep elf mage
105219 | D:24     | Defeated a deep elf mage
105624 | D:24     | Reached skill level 7 in Stealth
105712 | D:24     | Found Baiman's Antique Armour Shoppe.
107451 | D:24     | Reached skill level 5 in Shields
108010 | D:25     | Entered Level 25 of the Dungeon
108340 | D:25     | Reached skill level 10 in Transmutations
108341 | D:25     | Received a gift from Sif Muna
108342 | D:25     | Got a sparkling book {god gift}
108371 | D:25     | Identified Kaot's Disquisition on Calling and Charms {god gift} (Sif Muna gifted it to you on level 25 of the Dungeon)
108470 | D:25     | Killed monsters: 81 trivial, 132 easy, 42 tough, 1 nasty; 80 corpses
108470 | D:25     | Reached XP level 23. HP: 152/164 MP: 31/40
108977 | D:25     | Noticed an air elemental
108991 | D:25     | Defeated an air elemental
109436 | D:25     | Noticed an orc warlord
109445 | D:25     | Defeated an orc warlord
110775 | D:26     | Reached skill level 9 in Invocations
110957 | D:26     | Reached skill level 15 in Conjurations
111226 | D:25     | Reached skill level 11 in Transmutations
112152 | D:26     | Received a gift from Sif Muna
112153 | D:26     | Got a blackened book {god gift}
112154 | D:26     | Identified Qepuickagh's Almanac of Dark Charms {god gift} (Sif Muna gifted it to you on level 26 of the Dungeon)
112772 | D:27     | Entered Level 27 of the Dungeon
113144 | D:27     | Learned a level 3 spell: Regeneration
113507 | D:27     | Got a transparent mace
113839 | D:27     | Reached skill level 11 in Long Blades
114526 | Lair:2   | Learned a level 4 spell: Flight
114588 | Shoals:1 | Entered Level 1 of the Shoals
114632 | Shoals:1 | Found Ghuaciki's Distillery.
115078 | Shoals:3 | You are cast into the Abyss!
115078 | Shoals:3 | Cast into the Abyss (the power of Zot)
115078 | Abyss    | Entered The Abyss
115325 | Abyss    | Noticed a soul eater
115328 | Shoals:3 | You pass through the gate.
115651 | Shoals:5 | Entered Level 5 of the Shoals
116127 | Shoals:5 | Noticed Boris
116168 | Shoals:5 | Defeated Boris
116168 | Shoals:5 | Gained mutation: You passively map the area around you.
116168 | Shoals:5 | Gained mutation: You are extremely robust (+30% HP).
116168 | Shoals:5 | Killed monsters: 68 trivial, 85 easy, 38 tough, 1 nasty; 83 corpses
116168 | Shoals:5 | Reached XP level 24. HP: 176/182 MP: 23/41
116509 | Shoals:5 | Noticed Ilsuiw
116692 | Shoals:5 | Reached skill level 12 in Transmutations
117014 | Shoals:5 | Got a barnacled rune of Zot
117059 | Shoals:5 | Defeated Ilsuiw
117087 | Shoals:5 | Received a gift from Sif Muna
117088 | Shoals:5 | Got a colourful book {god gift}
117089 | Shoals:5 | Identified Sif Muna's Tome of Charms and Lightness {god gift} (Sif Muna gifted it to you on level 5 of the Shoals)
117290 | Lair:2   | Learned a level 6 spell: Bolt of Draining
117540 | Vault:3  | Bought an uncursed amulet of resist mutation for 231 gold pieces
118014 | Slime:1  | Entered Level 1 of the Pits of Slime
118699 | Vault:8  | Entered Level 8 of the Vaults
118796 | Vault:8  | Reached skill level 16 in Spellcasting
118857 | Vault:8  | Reached skill level 7 in Fighting
119703 | Vault:8  | Noticed an iron dragon
119710 | Vault:8  | Defeated an iron dragon
120041 | Vault:8  | Got a sparkling book
120047 | Vault:8  | Identified the Book of Calling (You found it on level 8 of the Vaults)
120060 | Vault:8  | Noticed a pulsating lump
120109 | Vault:8  | Reached skill level 10 in Invocations
120188 | Vault:8  | Got a silver rune of Zot
120414 | Vault:8  | Identified an uncursed rod of destruction [ice] (You found it on level 8 of the Vaults)
120426 | Vault:8  | Got an encrusted short sword
120587 | Vault:8  | Reached skill level 6 in Shields
121044 | Vault:8  | Noticed a deep elf demonologist
121048 | Vault:8  | Defeated a deep elf demonologist
121257 | Vault:8  | Received a gift from Sif Muna
121386 | Vault:8  | Killed monsters: 20 trivial, 48 easy, 62 tough, 0 nasty; 57 corpses
121386 | Vault:8  | Reached XP level 25. HP: 150/195 MP: 9/42
121867 | Vault:8  | Got an ancient blowgun
121876 | Vault:8  | Got a glittering silver amulet
121884 | Vault:8  | Identified the amulet of Blaadu Litt (You found it on level 8 of the Vaults)
122205 | Vault:7  | Reached skill level 17 in Necromancy
123557 | Vault:8  | Noticed a golden dragon
123560 | Vault:8  | Defeated a golden dragon
123574 | Vault:8  | Reached skill level 11 in Invocations
123579 | Vault:8  | Reached skill level 13 in Transmutations
123638 | Vault:8  | Noticed a golden dragon
123641 | Vault:8  | A golden dragon changed into an iron dragon
123647 | Vault:8  | Noticed a golden dragon
123650 | Vault:8  | A golden dragon changed into an elephant slug
123893 | Vault:8  | Reached skill level 16 in Conjurations
124285 | Vault:8  | Noticed a pulsating lump
124285 | Vault:8  | A pulsating lump changed into a manticore
124728 | Lair:2   | Learned a level 8 spell: Necromutation
124733 | Lair:2   | Identified the short sword of Balance {slice, Str+2 Dex-5 Stlth--} (You found it on level 8 of the Vaults)
124734 | Lair:2   | Identified the cursed blowgun of Sunlight {speed, rF+} (You found it on level 8 of the Vaults)
125048 | Shoals:5 | Got a polished war axe
125049 | Shoals:5 | Identified the war axe "Bidwos" {chop, +Rage rC++} (You found it on level 5 of the Shoals)
125230 | Lair:2   | Learned a level 5 spell: Extension
125588 | Tomb:1   | Entered Level 1 of the Tomb of the Ancients
126926 | Tomb:1   | Got a graven book
126927 | Tomb:1   | Identified Sif Muna's Volume of Hexes (You found it on level 1 of the Tomb of the Ancients)
127529 | Tomb:1   | Received a gift from Sif Muna
127530 | Tomb:1   | Got a blackened book {god gift}
127531 | Tomb:1   | Identified Sif Muna's Collected Works on Summoning {god gift} (Sif Muna gifted it to you on level 1 of the Tomb of the Ancients)
127848 | Tomb:2   | Reached skill level 17 in Spellcasting
128787 | Lair:2   | Learned a level 1 spell: Freeze
129292 | Tomb:1   | Gained mutation: You have hooves in place of feet.
129292 | Tomb:1   | Killed monsters: 59 trivial, 69 easy, 35 tough, 7 nasty; 27 corpses
129292 | Tomb:1   | Reached XP level 26. HP: 198/198 MP: 29/44
129314 | Tomb:2   | Reached skill level 1 in Ice Magic
129443 | Tomb:1   | Reached skill level 2 in Ice Magic
129749 | Tomb:1   | Reached skill level 3 in Ice Magic
129761 | Tomb:1   | Received a gift from Sif Muna
129827 | Tomb:1   | Reached skill level 4 in Ice Magic
129880 | Tomb:1   | Reached skill level 12 in Invocations
130015 | Tomb:1   | Reached skill level 5 in Ice Magic
130238 | Tomb:1   | Reached skill level 6 in Ice Magic
130388 | Tomb:1   | Reached skill level 7 in Ice Magic
130559 | Tomb:1   | Reached skill level 8 in Ice Magic
130564 | Tomb:1   | Received a gift from Sif Muna
130828 | Tomb:2   | Noticed Boris
130869 | Tomb:2   | Defeated Boris
131227 | Tomb:3   | Entered Level 3 of the Tomb of the Ancients
132124 | Tomb:2   | Reached skill level 14 in Transmutations
132634 | Tomb:3   | Gained mutation: You passively map a large area around you.
132634 | Tomb:3   | Killed monsters: 14 trivial, 45 easy, 9 tough, 16 nasty; 0 corpses
132634 | Tomb:3   | Reached XP level 27. HP: 164/204 MP: 30/44
132647 | Tomb:2   | Reached skill level 18 in Spellcasting
132649 | Tomb:2   | Reached skill level 9 in Ice Magic
132788 | Tomb:2   | Received a gift from Sif Muna
132789 | Tomb:2   | Got a graven book {god gift}
132790 | Tomb:2   | Identified Sif Muna's Papyrus of Creation {god gift} (Sif Muna gifted it to you on level 2 of the Tomb of the Ancients)
133012 | Tomb:2   | Reached skill level 10 in Ice Magic
133171 | Tomb:3   | Got a golden rune of Zot
133479 | Tomb:3   | Identified an uncursed rod of summoning (You took it off a guardian mummy on level 3 of the Tomb of the Ancients)
133539 | Tomb:3   | Got a warped morningstar
133566 | Tomb:3   | Reached skill level 3 in Translocations
133600 | Tomb:3   | Got a crystal quarterstaff
133600 | Tomb:3   | Got a fine dagger
133600 | Tomb:3   | Got a brightly glowing leather armour
133600 | Tomb:3   | Got a twitching lapis lazuli ring
133600 | Tomb:3   | Got a warped steel ring
133600 | Tomb:3   | Got a warped steel ring
133613 | Tomb:3   | Got a rare book
133613 | Tomb:3   | Got a sparkling book
133613 | Tomb:3   | Got a torn book
133614 | Tomb:3   | Identified The Arcane Secrets of Spellweaving (You found it on level 3 of the Tomb of the Ancients)
133614 | Tomb:3   | Identified the Handbook of Flames (You found it on level 3 of the Tomb of the Ancients)
133614 | Tomb:3   | Identified the Catalogue of Lightness (You found it on level 3 of the Tomb of the Ancients)
134397 | Lair:2   | Identified the morningstar of Ujyarch {slay orc, rPois SInv} (You took it off a guardian mummy on level 3 of the Tomb of the Ancients)
134398 | Lair:2   | Identified the quarterstaff "Preynot" {flame, rC++ Int+4 Stlth--} (You found it on level 3 of the Tomb of the Ancients)
134399 | Lair:2   | Identified the cursed dagger of Clecuemn {venom, +Blink} (You found it on level 3 of the Tomb of the Ancients)
134400 | Lair:2   | Identified the ring "Zuruuwn" (You found it on level 3 of the Tomb of the Ancients)
134401 | Lair:2   | Identified the ring "Tam Bluw" (You found it on level 3 of the Tomb of the Ancients)
134401 | Lair:2   | Identified the ring "Histo" (You found it on level 3 of the Tomb of the Ancients)
134444 | Lair:2   | Identified the +1 leather armour of Smirchucs (You found it on level 3 of the Tomb of the Ancients)
134499 | Lair:2   | Learned a level 2 spell: Fire Brand
134662 | Lair:2   | Learned a level 6 spell: Bolt of Cold
135148 | Slime:3  | Reached skill level 11 in Ice Magic
135148 | Slime:3  | Received a gift from Sif Muna
135154 | Slime:3  | Got a torn book {god gift}
135168 | Slime:3  | Identified Sif Muna's Volume of Freezing Attacks {god gift} (Sif Muna gifted it to you on level 3 of the Pits of Slime)
135319 | Slime:5  | Found a viscous altar of Jiyva.
135410 | Slime:5  | Reached skill level 13 in Invocations
135913 | Slime:6  | Entered Level 6 of the Pits of Slime
135953 | Slime:5  | how long have I had no rings on
136076 | Slime:6  | Reached skill level 12 in Ice Magic
136156 | Slime:6  | Reached skill level 17 in Conjurations
136233 | Slime:6  | Noticed a tentacled monstrosity
136260 | Slime:6  | Defeated a tentacled monstrosity
136432 | Slime:6  | Noticed the royal jelly
136453 | Slime:6  | Defeated the royal jelly
136483 | Slime:5  | Received a gift from Sif Muna
136484 | Slime:5  | Got a glistering book {god gift}
136485 | Slime:5  | Identified Sif Muna's Guide on Necromancy {god gift} (Sif Muna gifted it to you on level 5 of the Pits of Slime)
137093 | Slime:6  | Got a transparent dagger
137093 | Slime:6  | Got a twisted spear
137093 | Slime:6  | Got a slimy rune of Zot
137155 | Slime:6  | Got a wavering ivory amulet
137158 | Slime:6  | Got a sparkling book
137192 | Slime:6  | Identified the Compendium of the Shifting Voyage (You found it on level 6 of the Pits of Slime)
137217 | Slime:6  | Got a faintly glowing bow
137220 | Slime:6  | Got a bloodstained halberd
137749 | Lair:2   | Identified the spear of Terror {freeze, rC++ Stlth++} (You found it on level 6 of the Pits of Slime)
137750 | Lair:2   | Identified the bow "Pydown" {venom, +Inv Stlth--} (You found it on level 6 of the Pits of Slime)
137752 | Lair:2   | Identified an uncursed rod of demonology (You found it on level 6 of the Pits of Slime)
137754 | Lair:2   | Identified the amulet of the Amoeba (You found it on level 6 of the Pits of Slime)
137813 | Lair:2   | Learned a level 8 spell: Chain Lightning
137940 | Swamp:1  | Entered Level 1 of the Swamp
138688 | Swamp:4  | nice, hooray for weapon acquirement
138688 | Swamp:4  | wasted all my ench scrolls already though :(
138805 | Swamp:5  | Entered Level 5 of the Swamp
138898 | Swamp:5  | Reached skill level 16 in Air Magic
138928 | Swamp:5  | Reached skill level 13 in Ice Magic
139014 | Swamp:5  | Got a decaying rune of Zot
139473 | D:8      | Bought a scroll of enchant weapon II for 77 gold pieces
139473 | D:8      | Bought a scroll of identify for 28 gold pieces
139473 | D:8      | Bought a scroll of blinking for 42 gold pieces
139473 | D:8      | Bought a scroll of amnesia for 70 gold pieces
139473 | D:8      | Bought a scroll of identify for 28 gold pieces
139473 | D:8      | Bought a scroll of identify for 28 gold pieces
139473 | D:8      | Bought a scroll of amnesia for 70 gold pieces
139594 | D:11     | Received a gift from Sif Muna
139595 | D:11     | Got a sparkling book {god gift}
139596 | D:11     | Identified Sif Muna's Grimoire of Sinister Rituals {god gift} (Sif Muna gifted it to you on level 11 of the Dungeon)
139898 | Vault:6  | Bought a scroll of enchant weapon II for 104 gold pieces
141161 | Hell     | Entered the Vestibule of Hell
141162 | Hell     | Noticed Geryon
141580 | D:21     | Defeated Geryon
142729 | Zot:1    | Entered Level 1 of the Realm of Zot
142846 | Zot:1    | Reached skill level 10 in Dodging
142995 | Zot:1    | Noticed an orb of fire
143007 | Zot:1    | Defeated an orb of fire
143014 | Zot:1    | Reached skill level 7 in Shields
143276 | Zot:1    | Reached skill level 18 in Conjurations
143316 | Zot:1    | You are cast into the Abyss!
143316 | Zot:1    | Cast into the Abyss (a Zot trap)
143332 | Abyss    | Got a brightly glowing large shield
143333 | Abyss    | Identified the +1 large shield of Skusmaot (You found it in the Abyss)
143489 | Abyss    | Noticed a clay golem
143503 | Abyss    | Defeated a clay golem
143591 | Abyss    | Noticed a wizard
143593 | Abyss    | Defeated a wizard
143733 | Abyss    | Reached skill level 14 in Invocations
143775 | Abyss    | Noticed a naga mage
143777 | Abyss    | Got an engraved book
143778 | Abyss    | Identified the Tome of Conjuration and Ignition (You found it in the Abyss)
143793 | Abyss    | Defeated a naga mage
143973 | Abyss    | Noticed a necromancer
143976 | Abyss    | Defeated a necromancer
143979 | Abyss    | Noticed a hell knight
143983 | Abyss    | Noticed a hell knight
143988 | Abyss    | Noticed a hell knight
143988 | Abyss    | Defeated a hell knight
143990 | Abyss    | Noticed a hell knight
143990 | Abyss    | Defeated a hell knight
143995 | Abyss    | Defeated a hell knight
143995 | Abyss    | Defeated a hell knight
144097 | Abyss    | Reached skill level 12 in Long Blades
144328 | Abyss    | Noticed a green draconian
144331 | Abyss    | Defeated a green draconian
144377 | Abyss    | Got an abyssal rune of Zot
144388 | Abyss    | Received a gift from Sif Muna
144710 | Abyss    | Got a transparent gold dragon armour
144714 | Abyss    | argh
144714 | Abyss    | Identified the +3 gold dragon armour of the Elephant (You found it in the Abyss)
144912 | Abyss    | are you serious
145119 | Abyss    | Noticed a mottled draconian zealot
145127 | Abyss    | Defeated a mottled draconian zealot
145210 | Abyss    | Reached skill level 19 in Spellcasting
145295 | Abyss    | Noticed a great orb of eyes
145299 | Abyss    | Defeated a great orb of eyes
145457 | Abyss    | Noticed a fire elemental
145462 | Abyss    | Defeated a fire elemental
145470 | Abyss    | Noticed a great orb of eyes
145476 | Abyss    | Defeated a great orb of eyes
145516 | Abyss    | Noticed a sky beast
145519 | Abyss    | Defeated a sky beast
145525 | Abyss    | Got a wavering steel ring
145662 | Abyss    | Noticed a shining eye
145665 | Abyss    | Defeated a shining eye
145678 | Abyss    | Noticed a crystal golem
145692 | Abyss    | Noticed a griffon simulacrum
145830 | Abyss    | Noticed a brown ugly thing
145834 | Abyss    | Defeated a brown ugly thing
145841 | Abyss    | Noticed a brown ugly thing
145844 | Abyss    | Defeated a brown ugly thing
146026 | Zot:1    | You pass through the gate.
146658 | Lair:2   | Identified the ring "Enui" (You found it in the Abyss)
146695 | Lair:2   | Learned a level 2 spell: Fire Brand
147152 | Hell     | Found a gateway to the decaying netherworld of Tartarus.
147209 | Hell     | Found a gateway to the Iron City of Dis.
147251 | Hell     | Found a gateway to the ashen valley of Gehenna.
147282 | Hell     | Found a gateway to the freezing wastes of Cocytus.
147819 | Zot:1    | Reached skill level 14 in Ice Magic
148208 | Zot:1    | Noticed an orb of fire
148225 | Zot:1    | Defeated an orb of fire
148771 | Zot:1    | Received a gift from Sif Muna
150304 | Zot:2    | Reached skill level 19 in Conjurations
150837 | Zot:2    | Received a gift from Sif Muna
150845 | Zot:2    | Got a conspicuous book {god gift}
150846 | Zot:2    | Identified Sif Muna's Thorough Guide to Witchcraft {god gift} (Sif Muna gifted it to you on level 2 of the Realm of Zot)
151427 | D:27     | Reached skill level 13 in Charms
151904 | Lair:2   | Learned a level 6 spell: Iron Shot
152564 | Zot:3    | Reached skill level 1 in Earth Magic
153035 | Zot:3    | Reached skill level 15 in Ice Magic
153081 | Zot:3    | Noticed an orb of fire
153105 | Zot:3    | Defeated an orb of fire
153408 | Zot:3    | Received a gift from Sif Muna
153415 | Zot:3    | Got a black book {god gift}
153416 | Zot:3    | Identified Lehudib's Papyrus of the Rocks and Conjuration {god gift} (Sif Muna gifted it to you on level 3 of the Realm of Zot)
153575 | Zot:3    | Reached skill level 2 in Earth Magic
153688 | Zot:4    | You are cast into the Abyss!
153688 | Zot:4    | Cast into the Abyss (a Zot trap)
153703 | Abyss    | Noticed a cyan ugly thing
153706 | Abyss    | Defeated a cyan ugly thing
153707 | Abyss    | Noticed a cyan ugly thing
153708 | Abyss    | Noticed a cyan ugly thing
153712 | Abyss    | Defeated a cyan ugly thing
153713 | Abyss    | Defeated a cyan ugly thing
153745 | Abyss    | Noticed a yellow draconian
153750 | Abyss    | Defeated a yellow draconian
153779 | Abyss    | Noticed a deep dwarf scion
153781 | Abyss    | Noticed a deep dwarf
153783 | Abyss    | Defeated a deep dwarf scion
153787 | Abyss    | Noticed a deep dwarf
153805 | Abyss    | Defeated a deep dwarf
153806 | Abyss    | Defeated a deep dwarf
153834 | Abyss    | Noticed an ancient lich
153836 | Abyss    | Defeated an ancient lich
153910 | Zot:4    | You pass through the gate.
154026 | Zot:4    | Reached skill level 15 in Invocations
154317 | Zot:4    | Reached skill level 20 in Spellcasting
155189 | Zot:5    | Entered Level 5 of the Realm of Zot
155357 | Zot:5    | Reached skill level 20 in Conjurations
155623 | Zot:5    | Received a gift from Sif Muna
155862 | Zot:5    | Reached skill level 3 in Earth Magic
155946 | Zot:5    | Noticed an ancient lich
155970 | Zot:5    | Defeated an ancient lich
156217 | Zot:5    | Reached skill level 16 in Ice Magic
156254 | Zot:5    | Noticed an ancient lich
156255 | Zot:5    | Defeated an ancient lich
156530 | Zot:5    | Received a gift from Sif Muna
156532 | Zot:5    | Got a black book {god gift}
156533 | Zot:5    | Identified Sif Muna's Tome of Enchantment {god gift} (Sif Muna gifted it to you on level 5 of the Realm of Zot)
157072 | Zot:5    | Reached skill level 11 in Dodging
157102 | Zot:5    | Noticed Tiamat
157194 | Zot:5    | Defeated Tiamat
157510 | Zot:5    | Noticed an ancient lich
157532 | Zot:5    | Noticed an orb of fire
157563 | Zot:5    | Defeated an orb of fire
157991 | Zot:5    | Received a gift from Sif Muna
158146 | Zot:5    | Reached skill level 21 in Spellcasting
158214 | Zot:5    | Noticed an orb of fire
158308 | Zot:5    | Reached skill level 17 in Air Magic
158391 | Zot:5    | Defeated an ancient lich
158504 | Zot:5    | Reached skill level 21 in Conjurations
158506 | Zot:5    | Defeated an orb of fire
158845 | Zot:5    | Reached skill level 3 in Traps & Doors
158966 | Zot:5    | Reached skill level 17 in Ice Magic
161002 | Zot:1    | Received a gift from Sif Muna
161003 | Zot:1    | Got a glistering book {god gift}
161004 | Zot:1    | Identified Sif Muna's Reference Book on Bewitchment {god gift} (Sif Muna gifted it to you on level 1 of the Realm of Zot)
161986 | Lair:2   | Learned a level 3 spell: Abjuration
162344 | Geh:1    | Entered Level 1 of Gehenna
162345 | Geh:1    | Noticed a soul eater
162354 | Geh:1    | Defeated a soul eater
162401 | Geh:1    | Noticed a Fiend
162405 | Geh:1    | Defeated a Fiend
162604 | Geh:3    | Noticed a soul eater
162634 | Geh:3    | Defeated a soul eater
163099 | Geh:6    | Reached skill level 8 in Fighting
163149 | Geh:7    | Entered Level 7 of Gehenna
163517 | Geh:7    | Reached skill level 3 in Unarmed Combat
163591 | Geh:7    | You are cast into the Abyss!
163591 | Geh:7    | Cast into the Abyss (the effects of Hell)
163702 | Abyss    | Noticed a vampire
163714 | Abyss    | Defeated a vampire
163993 | Abyss    | Reached skill level 8 in Stealth
164072 | Abyss    | Noticed a grey draconian
164085 | Abyss    | Defeated a grey draconian
164134 | Abyss    | Noticed a black draconian
164142 | Abyss    | Defeated a black draconian
164217 | Abyss    | Noticed a phantom
164219 | Abyss    | Defeated a phantom
164307 | Abyss    | Noticed a Daeva
164569 | Abyss    | Noticed a cyan ugly thing
164645 | Abyss    | Noticed a tormentor
164745 | Abyss    | Noticed an air elemental
164772 | Abyss    | Noticed a fire elemental
164775 | Abyss    | Defeated a fire elemental
164798 | Geh:7    | You pass through the gate.
164857 | Geh:7    | Noticed a Fiend
164858 | Geh:7    | Defeated a Fiend
164973 | Geh:7    | Noticed a Fiend
164976 | Geh:7    | Defeated a Fiend
165076 | Geh:7    | Noticed a Fiend
165080 | Geh:7    | Defeated a Fiend
165163 | Geh:7    | Noticed a Fiend
165167 | Geh:7    | Defeated a Fiend
165238 | Geh:7    | Noticed a Fiend
165240 | Geh:7    | Defeated a Fiend
165273 | Geh:7    | Received a gift from Sif Muna
165274 | Geh:7    | Got a droning book {god gift}
165275 | Geh:7    | Identified Sif Muna's Almanac of Toxins {god gift} (Sif Muna gifted it to you on level 7 of Gehenna)
165292 | Geh:7    | Noticed Asmodeus
165295 | Geh:7    | Noticed a Fiend
165295 | Geh:7    | Noticed a Fiend
165311 | Geh:7    | Noticed a Pit Fiend
165331 | Geh:7    | Noticed a Pit Fiend
165450 | Geh:7    | Noticed a Fiend
165452 | Geh:7    | Defeated a Fiend
165493 | Geh:7    | Defeated a Fiend
165511 | Geh:7    | Defeated a Fiend
165557 | Geh:7    | Got an obsidian rune of Zot
165825 | Geh:7    | Defeated Asmodeus
165837 | Geh:7    | Got a ruby sceptre
166825 | Tar:1    | Entered Level 1 of Tartarus
166971 | Tar:1    | Reached skill level 8 in Shields
167478 | Tar:4    | Reached skill level 9 in Fighting
167609 | Tar:7    | Entered Level 7 of Tartarus
167783 | Tar:7    | Reached skill level 4 in Earth Magic
167787 | Tar:7    | Reached skill level 12 in Dodging
167964 | Tar:7    | Reached skill level 2 in Stabbing
168750 | Tar:7    | Reached skill level 22 in Conjurations
168822 | Tar:7    | Received a gift from Sif Muna
168826 | Tar:7    | Got a glistering book {god gift}
168956 | Tar:7    | eesh
169007 | Tar:7    | Narretz: have you got tornado?
169007 | Tar:7    | no, my skills are quite low
169007 | Tar:7    | I'm going to learn ice storm instead of tornado
169007 | Tar:7    | then probably get it and do some zigs later
169335 | Tar:7    | Got a steaming robe
169337 | Tar:7    | Got a pitted scimitar
169805 | Tar:7    | Got a wavering golden ring
169835 | Tar:7    | Got a jewelled robe
169920 | Tar:7    | Noticed the Serpent of Hell
169923 | Tar:7    | Defeated the Serpent of Hell
170061 | Tar:7    | Reached skill level 22 in Spellcasting
170452 | Tar:7    | Noticed Ereshkigal
170488 | Tar:7    | Reached skill level 18 in Ice Magic
170561 | Tar:7    | Defeated Ereshkigal
170567 | Tar:7    | Got a bone rune of Zot
170734 | Hell     | Identified the ring of Tohoec (You found it on level 7 of Tartarus)
170740 | Hell     | Identified Sif Muna's Disquisition on Destructive Heat {god gift} (Sif Muna gifted it to you on level 7 of Tartarus)
170817 | Hell     | Identified the cursed -3 robe of Xom's Approval (You found it on level 7 of Tartarus)
170825 | Hell     | Identified the +1 robe "Onaxut" (You found it on level 7 of Tartarus)
170925 | Dis:1    | Entered Level 1 of the Iron City of Dis
171059 | Dis:1    | Received a gift from Sif Muna
171069 | Dis:1    | Got a black book {god gift}
171070 | Dis:1    | Identified Sif Muna's Compendium of Supportive Good Luck {god gift} (Sif Muna gifted it to you on level 1 of the Iron City of Dis)
171199 | Dis:3    | Reached skill level 10 in Fighting
172325 | Vault:5  | Bought an uncursed ring of regeneration for 577 gold pieces
173172 | Dis:7    | Entered Level 7 of the Iron City of Dis
173219 | Dis:7    | Noticed an iron dragon
173233 | Dis:7    | Defeated an iron dragon
173276 | Dis:7    | Noticed an iron dragon
173280 | Dis:7    | Defeated an iron dragon
173383 | Dis:7    | Reached skill level 9 in Shields
173436 | Dis:7    | Noticed a Fiend
173452 | Dis:7    | Defeated a Fiend
173456 | Dis:7    | Noticed an iron dragon
173459 | Dis:7    | Noticed Dispater
173509 | Dis:7    | Defeated an iron dragon
173521 | Dis:7    | Defeated Dispater
173523 | Dis:7    | Got a golden staff
173660 | Dis:7    | Got an iron rune of Zot
173873 | Dis:7    | Reached skill level 5 in Earth Magic
173904 | Dis:7    | Noticed a Fiend
173906 | Dis:7    | Defeated a Fiend
173942 | Dis:7    | Reached skill level 13 in Dodging
174065 | Dis:7    | Noticed a Fiend
174068 | Dis:7    | Defeated a Fiend
174083 | Dis:7    | Reached skill level 11 in Fighting
174294 | Coc:1    | Entered Level 1 of Cocytus
174427 | Coc:4    | Received a gift from Sif Muna
174711 | Coc:7    | Entered Level 7 of Cocytus
174866 | Coc:7    | Reached skill level 16 in Invocations
174893 | Coc:7    | Reached skill level 23 in Conjurations
175295 | Coc:7    | Noticed Antaeus
175669 | Coc:7    | Got an icy rune of Zot
176057 | Hell     | Learned a level 9 spell: Ice Storm
176672 | Pan      | Entered Pandemonium
176672 | Pan      | Found a gateway to a ziggurat.
176862 | Pan      | Noticed Mnaoxt the pandemonium lord
176899 | Pan      | Defeated Mnaoxt the pandemonium lord
176919 | Pan      | Reached skill level 4 in Unarmed Combat
177626 | Pan      | Noticed Laxteth the pandemonium lord
177656 | Pan      | Defeated Laxteth the pandemonium lord
177758 | Pan      | Reached skill level 18 in Air Magic
177979 | Pan      | Received a gift from Sif Muna
177987 | Pan      | Got a conspicuous book {god gift}
177991 | Pan      | Identified Sif Muna's Tome of Conjuration {god gift} (Sif Muna gifted it to you in Pandemonium)
178156 | Pan      | Noticed Lom Lobon
178198 | Pan      | Defeated Lom Lobon
178309 | Pan      | Got a magical rune of Zot
178522 | Pan      | Found a gateway to a ziggurat.
178569 | Pan      | Noticed Ycsuasch the pandemonium lord
178588 | Pan      | Defeated Ycsuasch the pandemonium lord
178741 | Pan      | Noticed Mioramugg the pandemonium lord
178741 | Pan      | Defeated Mioramugg the pandemonium lord
178777 | Pan      | Got a demonic rune of Zot
179222 | Pan      | where'd the secret door go in this vault
179470 | Pan      | Reached skill level 4 in Traps & Doors
179476 | Pan      | Noticed Idoppei the pandemonium lord
179686 | Pan      | Noticed Quank the pandemonium lord
179698 | Pan      | Defeated Quank the pandemonium lord
179698 | Pan      | Reached skill level 23 in Spellcasting
179866 | Pan      | Reached skill level 12 in Fighting
180424 | Pan      | Reached skill level 24 in Conjurations
180424 | Pan      | Reached skill level 19 in Ice Magic
180424 | Pan      | Received a gift from Sif Muna
180905 | Pan      | Noticed Grogix the pandemonium lord
180908 | Pan      | Defeated Grogix the pandemonium lord
180922 | Pan      | Got a demonic rune of Zot
181079 | Pan      | Noticed Thrybirch the pandemonium lord
181101 | Pan      | Defeated Thrybirch the pandemonium lord
181632 | Pan      | Noticed Ehagamuc the pandemonium lord
181659 | Pan      | Defeated Ehagamuc the pandemonium lord
181786 | Pan      | Noticed Blemetupn the pandemonium lord
181797 | Pan      | Defeated Blemetupn the pandemonium lord
181812 | Pan      | Reached skill level 17 in Invocations
181852 | Pan      | Got a demonic rune of Zot
182166 | Pan      | Noticed Hoanoef the pandemonium lord
182169 | Pan      | Defeated Hoanoef the pandemonium lord
182334 | Pan      | Noticed Kuihic the pandemonium lord
182334 | Pan      | Defeated Kuihic the pandemonium lord
182350 | Pan      | Got a demonic rune of Zot
182372 | Pan      | Received a gift from Sif Muna
182379 | Pan      | Got an engraved book {god gift}
182380 | Pan      | Identified Sif Muna's Papyrus of Transmigration {god gift} (Sif Muna gifted it to you in Pandemonium)
182491 | Pan      | Noticed Kannol the pandemonium lord
182493 | Pan      | Defeated Kannol the pandemonium lord
182522 | Pan      | Got a demonic rune of Zot
182954 | Pan      | Reached skill level 18 in Invocations
183307 | Pan      | Noticed Cerebov
183318 | Pan      | Reached skill level 25 in Conjurations
183515 | Pan      | Defeated Cerebov
183830 | Pan      | Got a great serpentine sword
183845 | Pan      | Got a fiery rune of Zot
184074 | Pan      | Got a smoking leather armour
184093 | Pan      | Identified the cursed -2 leather armour of Vlad (You found it in Pandemonium)
184097 | Pan      | Gained mutation: Your mind is acute (Int +1).
184295 | Pan      | Noticed Gloorx Vloq
184332 | Pan      | Reached skill level 19 in Invocations
184349 | Pan      | Defeated Gloorx Vloq
184436 | Pan      | Reached skill level 6 in Earth Magic
184456 | Pan      | Got a dark rune of Zot
184714 | Pan      | Received a gift from Sif Muna
184818 | Pan      | Reached skill level 20 in Ice Magic
184848 | Pan      | Noticed Mnoleg
184851 | Pan      | Defeated Mnoleg
184860 | Pan      | Reached skill level 20 in Invocations
184875 | Pan      | Got a glowing rune of Zot
184962 | Pan      | Identified the cursed +6,+6 Sword of Cerebov (You took it off Cerebov in Pandemonium)
185001 | Pan      | Noticed Ytearph the pandemonium lord
185002 | Pan      | Defeated Ytearph the pandemonium lord
185399 | Pan      | Noticed Oddat the pandemonium lord
185402 | Pan      | Defeated Oddat the pandemonium lord
185876 | Pan      | Noticed Ofisi Phuy the pandemonium lord
185878 | Pan      | Defeated Ofisi Phuy the pandemonium lord
185879 | Pan      | Reached skill level 21 in Invocations
185890 | Pan      | Got a demonic rune of Zot
186134 | Pan      | Noticed Xodghezi the pandemonium lord
186135 | Pan      | Defeated Xodghezi the pandemonium lord
186147 | Pan      | Reached skill level 9 in Stealth
186645 | Pan      | Noticed Puvis the pandemonium lord
186649 | Pan      | Defeated Puvis the pandemonium lord
187221 | Pan      | Found a gateway to a ziggurat.
187288 | Pan      | Noticed Mappuk the pandemonium lord
187290 | Pan      | Defeated Mappuk the pandemonium lord
187383 | Pan      | Reached skill level 7 in Earth Magic
187546 | Pan      | Received a gift from Sif Muna
187548 | Pan      | Noticed Praixt the pandemonium lord
187551 | Pan      | Defeated Praixt the pandemonium lord
187556 | Pan      | Reached skill level 22 in Invocations
187596 | Pan      | Got a blackened book {god gift}
187597 | Pan      | Identified Murray's Collected Works on Black Rites {god gift} (Sif Muna gifted it to you in Pandemonium)
187978 | Pan      | Noticed Poanoj the pandemonium lord
187983 | Pan      | Defeated Poanoj the pandemonium lord
188091 | Pan      | Reached skill level 24 in Spellcasting
188315 | Pan      | Noticed Igucvefi the pandemonium lord
188322 | Pan      | Defeated Igucvefi the pandemonium lord
188791 | Pan      | Reached skill level 23 in Invocations
188824 | Pan      | Noticed Kisuh the pandemonium lord
188828 | Pan      | Defeated Kisuh the pandemonium lord
189172 | Pan      | Noticed Tryn the pandemonium lord
189173 | Pan      | Reached skill level 4 in Translocations
189180 | Pan      | Defeated Tryn the pandemonium lord
189705 | Pan      | Reached skill level 24 in Invocations
189910 | Pan      | Reached skill level 21 in Ice Magic
189929 | Pan      | Noticed Pedag the pandemonium lord
189931 | Pan      | Defeated Pedag the pandemonium lord
189955 | Pan      | Got a heavily runed bronze ring
189958 | Pan      | Identified the ring "Chig Ama" (You found it in Pandemonium)
190409 | Pan      | Noticed Breuf the pandemonium lord
190413 | Pan      | Defeated Breuf the pandemonium lord
190505 | Pan      | Noticed Thinn the pandemonium lord
190511 | Pan      | Defeated Thinn the pandemonium lord
190730 | Pan      | Reached skill level 8 in Earth Magic
190921 | Pan      | Received a gift from Sif Muna
190924 | Pan      | Got a sparkling book {god gift}
190925 | Pan      | Identified Brelemom's Disquisition on Aerial Confrontation {god gift} (Sif Muna gifted it to you in Pandemonium)
191006 | Pan      | Reached skill level 25 in Invocations
191016 | Pan      | Noticed Blianub the pandemonium lord
191021 | Pan      | Defeated Blianub the pandemonium lord
191387 | Pan      | Noticed Schydok the pandemonium lord
191391 | Pan      | Defeated Schydok the pandemonium lord
191583 | Pan      | Got an ancient silver ring
191584 | Pan      | Identified the ring of Klacame (You found it in Pandemonium)
191631 | Pan      | Noticed Paxtirch the pandemonium lord
191665 | Pan      | Defeated Paxtirch the pandemonium lord
191690 | Pan      | Got a demonic rune of Zot
191777 | Pan      | Reached skill level 26 in Invocations
191844 | Pan      | Noticed Sesa the pandemonium lord
191856 | Pan      | Defeated Sesa the pandemonium lord
191868 | Pan      | Got a demonic rune of Zot
192078 | Pan      | Noticed Vota the pandemonium lord
192080 | Pan      | Defeated Vota the pandemonium lord
192163 | D:22     | You pass through the gate.
192230 | Hell     | Learned a level 4 spell: Dig
192307 | Pan      | Got a smoking spear
192394 | Pan      | Noticed Epuhinaa the pandemonium lord
192397 | Pan      | Defeated Epuhinaa the pandemonium lord
192421 | Pan      | Reached skill level 27 in Invocations
192582 | Pan      | Found a gateway to a ziggurat.
192687 | Pan      | Noticed Khit Onno the pandemonium lord
192689 | Pan      | Defeated Khit Onno the pandemonium lord
192779 | Pan      | Reached skill level 10 in Shields
192939 | Pan      | Noticed Xaen the pandemonium lord
192942 | Pan      | Defeated Xaen the pandemonium lord
192972 | Pan      | Reached skill level 14 in Dodging
192976 | Pan      | Received a gift from Sif Muna
192984 | Pan      | Got a droning book {god gift}
192985 | Pan      | Identified Sif Muna's Papyrus of Execration {god gift} (Sif Muna gifted it to you in Pandemonium)
193329 | Pan      | Narretz: why didn't you enter the zig?
193329 | Pan      | dunno, just didn't feel like it
193333 | Pan      | for some reason my game crashes when I enter the abyss so I'd have no emergency exit
193508 | Pan      | Noticed Wumomo the pandemonium lord
193512 | Pan      | Defeated Wumomo the pandemonium lord
193525 | Pan      | Reached skill level 22 in Ice Magic
193777 | Pan      | Noticed Churapnu the pandemonium lord
193779 | Pan      | Defeated Churapnu the pandemonium lord
193819 | D:22     | You pass through the gate.
194710 | Temple   | Learned a level 2 spell: Sticks to Snakes
194838 | Temple   | Learned a level 4 spell: Polymorph Other
195531 | Lair:2   | Learned a level 5 spell: Cigotuvi's Degeneration
195535 | Lair:2   | Learned a level 3 spell: Recall
195715 | Lair:2   | Identified an uncursed rod of striking (You found it on level 2 of the Lair of Beasts)
195886 | Lair:2   | A hill giant changed into a spiny worm
196199 | Lair:2   | A spiny worm changed into a queen ant
196521 | Lair:2   | An elephant changed into a trapdoor spider
196677 | Lair:2   | A queen ant changed into a spiny worm
196761 | Lair:2   | A spriggan changed into a redback
196763 | Lair:2   | A redback changed into a human
196793 | Lair:2   | A jackal changed into a yellow wasp
196796 | Lair:2   | A yellow wasp changed into a deep dwarf
196797 | Lair:2   | An ice dragon changed into a spiny worm
196808 | Lair:2   | A spiny worm changed into a great orb of eyes
196817 | Lair:2   | A giant firefly changed into a wolf spider
196820 | Lair:2   | A wolf spider changed into a troll
196837 | Lair:2   | A manticore changed into a trapdoor spider
196838 | Lair:2   | A trapdoor spider changed into a deep troll
196877 | Lair:2   | A merfolk changed into a fire crab
196879 | Lair:2   | A fire crab changed into a merfolk
196886 | Lair:2   | A swamp dragon changed into a fire crab
196886 | Lair:2   | A giant firefly changed into a wolf spider
196887 | Lair:2   | A fire crab changed into a spriggan
196891 | Lair:2   | A wolf spider changed into a spriggan
196911 | Lair:2   | An emperor scorpion changed into a spiny worm
196917 | Lair:2   | A spiny worm changed into a seven-headed hydra
196967 | Lair:2   | A moth of wrath changed into a wolf spider
196983 | Lair:2   | A wolf spider changed into an elf
196996 | Lair:2   | An alligator changed into a spiny worm
197007 | Lair:2   | A spiny worm changed into a minotaur
197008 | Lair:2   | A minotaur changed into a spiny worm
197010 | Lair:2   | A spiny worm changed into an alligator
197634 | Temple   | A sheep changed into a pulsating lump
197637 | Temple   | A sheep changed into a pulsating lump
197642 | Temple   | A jackal changed into a pulsating lump
197643 | Temple   | A scorpion changed into a pulsating lump
197647 | Temple   | A giant newt changed into a pulsating lump
197648 | Temple   | A giant gecko changed into a pulsating lump
197650 | Temple   | An orange rat changed into a pulsating lump
197651 | Temple   | A jelly changed into a pulsating lump
197657 | Temple   | A rock worm changed into a pulsating lump
197662 | Temple   | A warg changed into a pulsating lump
197671 | Temple   | A scorpion changed into a pulsating lump
197677 | Temple   | A scorpion changed into a pulsating lump
197735 | Temple   | A pulsating lump changed into a rock troll
197744 | Temple   | A pulsating lump changed into a shining eye
197745 | Temple   | A pulsating lump changed into a merfolk
197748 | Temple   | A pulsating lump changed into a merfolk
197755 | Temple   | A pulsating lump changed into a deep troll
197756 | Temple   | A pulsating lump changed into a snapping turtle
197758 | Temple   | A pulsating lump changed into something unseen
197772 | Temple   | A pulsating lump changed into an emperor scorpion
197820 | Temple   | A pulsating lump changed into an eye of devastation
197829 | Temple   | A pulsating lump changed into a giant orange brain
197838 | Temple   | A pulsating lump changed into a deep troll
197839 | Temple   | A pulsating lump changed into a slime creature
197892 | Temple   | An alligator snapping turtle changed into an iron dragon
198866 | Vault:5  | Bought an uncursed ring of see invisible for 154 gold pieces
199445 | Temple   | A water moccasin changed into a pulsating lump
199447 | Temple   | A snake changed into a pulsating lump
199448 | Temple   | A snake changed into a pulsating lump
199449 | Temple   | A snake changed into a pulsating lump
199457 | Temple   | A pulsating lump changed into a death drake
199466 | Temple   | A pulsating lump changed into a merfolk
199470 | Temple   | A pulsating lump changed into an anaconda
199510 | Temple   | A pulsating lump changed into a hill giant
199546 | Temple   | A snake changed into a pulsating lump
199547 | Temple   | A snake changed into a pulsating lump
199549 | Temple   | A snake changed into a pulsating lump
199550 | Temple   | A water moccasin changed into a pulsating lump
199551 | Temple   | A snake changed into a pulsating lump
199552 | Temple   | A snake changed into a pulsating lump
199554 | Temple   | A snake changed into a pulsating lump
199564 | Temple   | A pulsating lump changed into a swamp dragon
199572 | Temple   | A pulsating lump changed into a glowing shapeshifter
199573 | Temple   | A pulsating lump changed into an eye of devastation
199591 | Temple   | A pulsating lump changed into a giant orange brain
199598 | Temple   | A pulsating lump changed into a lindwurm
199600 | Temple   | A pulsating lump changed into a manticore
199611 | Temple   | A pulsating lump changed into a merfolk
199621 | Temple   | A water moccasin changed into a pulsating lump
199622 | Temple   | A water moccasin changed into a pulsating lump
199623 | Temple   | A snake changed into a pulsating lump
199625 | Temple   | A water moccasin changed into a pulsating lump
199626 | Temple   | A snake changed into a pulsating lump
199637 | Temple   | A pulsating lump changed into a merfolk
199645 | Temple   | A pulsating lump changed into a merfolk
199655 | Temple   | A pulsating lump changed into a glowing shapeshifter
199659 | Temple   | A swamp dragon changed into a pulsating lump
199660 | Temple   | A pulsating lump changed into an elephant
199664 | Temple   | An anaconda changed into a shining eye
199667 | Temple   | A shining eye changed into a lindwurm
199668 | Temple   | A lindwurm changed into a guardian serpent
199669 | Temple   | A pulsating lump changed into a ghost moth
199674 | Temple   | A guardian serpent changed into a troll
199693 | Temple   | A pulsating lump changed into a deep troll
199701 | Temple   | A snake changed into a pulsating lump
199702 | Temple   | A water moccasin changed into a pulsating lump
199703 | Temple   | A water moccasin changed into a pulsating lump
199704 | Temple   | A snake changed into a pulsating lump
199705 | Temple   | A pulsating lump changed into a merfolk
199712 | Temple   | A pulsating lump changed into a merfolk
199714 | Temple   | A pulsating lump changed into a hill giant
199715 | Temple   | A pulsating lump changed into a giant slug
199788 | Temple   | A snake changed into a pulsating lump
199789 | Temple   | A snake changed into a pulsating lump
199790 | Temple   | A water moccasin changed into a pulsating lump
199795 | Temple   | A snake changed into a pulsating lump
199796 | Temple   | A snake changed into a pulsating lump
199797 | Temple   | A snake changed into a pulsating lump
199798 | Temple   | A snake changed into a pulsating lump
199800 | Temple   | A snake changed into a pulsating lump
199802 | Temple   | A snake changed into a pulsating lump
199814 | Temple   | A water moccasin changed into a pulsating lump
199815 | Temple   | A snake changed into a pulsating lump
199817 | Temple   | A water moccasin changed into a pulsating lump
199818 | Temple   | A snake changed into a pulsating lump
199829 | Temple   | A snake changed into a pulsating lump
199830 | Temple   | A water moccasin changed into a pulsating lump
199832 | Temple   | A water moccasin changed into a pulsating lump
199833 | Temple   | A snake changed into a pulsating lump
199835 | Temple   | A snake changed into a pulsating lump
199848 | Temple   | A water moccasin changed into a pulsating lump
199850 | Temple   | A snake changed into a pulsating lump
199855 | Temple   | A snake changed into a pulsating lump
199856 | Temple   | A snake changed into a pulsating lump
199857 | Temple   | A water moccasin changed into a pulsating lump
199859 | Temple   | A snake changed into a pulsating lump
199861 | Temple   | A snake changed into a pulsating lump
199862 | Temple   | A snake changed into a pulsating lump
199864 | Temple   | A snake changed into a pulsating lump
199866 | Temple   | A snake changed into a pulsating lump
199983 | D:4      | A ghost moth changed into a pulsating lump
199984 | D:4      | A pulsating lump changed into a deep troll
199986 | D:4      | Defeated a deep troll
200447 | Lair:2   | A queen ant changed into a spiny worm
201265 | Temple   | A snake changed into a pulsating lump
201266 | Temple   | A snake changed into a pulsating lump
201267 | Temple   | A snake changed into a pulsating lump
201268 | Temple   | A water moccasin changed into a pulsating lump
201269 | Temple   | A water moccasin changed into a pulsating lump
201278 | Temple   | A snake changed into a pulsating lump
201279 | Temple   | A snake changed into a pulsating lump
201287 | Temple   | A water moccasin changed into a pulsating lump
201288 | Temple   | A water moccasin changed into a pulsating lump
201289 | Temple   | A snake changed into a pulsating lump
201290 | Temple   | A water moccasin changed into a pulsating lump
201302 | Temple   | A snake changed into a pulsating lump
201303 | Temple   | A snake changed into a pulsating lump
201308 | Temple   | A snake changed into a pulsating lump
201309 | Temple   | A snake changed into a pulsating lump
201310 | Temple   | A snake changed into a pulsating lump
201320 | Temple   | A snake changed into a pulsating lump
201321 | Temple   | A snake changed into a pulsating lump
201322 | Temple   | A snake changed into a pulsating lump
201324 | Temple   | A water moccasin changed into a pulsating lump
201334 | Temple   | A snake changed into a pulsating lump
201335 | Temple   | A snake changed into a pulsating lump
201336 | Temple   | A snake changed into a pulsating lump
201338 | Temple   | A snake changed into a pulsating lump
201339 | Temple   | A snake changed into a pulsating lump
201353 | Temple   | A snake changed into a pulsating lump
201354 | Temple   | A snake changed into a pulsating lump
201363 | Temple   | A snake changed into a pulsating lump
201364 | Temple   | A snake changed into a pulsating lump
201365 | Temple   | A snake changed into a pulsating lump
201366 | Temple   | A snake changed into a pulsating lump
201367 | Temple   | A snake changed into a pulsating lump
201378 | Temple   | A snake changed into a pulsating lump
201379 | Temple   | A snake changed into a pulsating lump
201384 | Temple   | A snake changed into a pulsating lump
201385 | Temple   | A snake changed into a pulsating lump
201386 | Temple   | A water moccasin changed into a pulsating lump
201388 | Temple   | A snake changed into a pulsating lump
201397 | Temple   | A snake changed into a pulsating lump
201398 | Temple   | A water moccasin changed into a pulsating lump
201406 | Temple   | A snake changed into a pulsating lump
201407 | Temple   | A snake changed into a pulsating lump
201418 | Temple   | A water moccasin changed into a pulsating lump
201420 | Temple   | A snake changed into a pulsating lump
201422 | Temple   | A snake changed into a pulsating lump
201475 | Temple   | A water moccasin changed into a pulsating lump
201476 | Temple   | A water moccasin changed into a pulsating lump
201477 | Temple   | A snake changed into a pulsating lump
201479 | Temple   | A snake changed into a pulsating lump
201481 | Temple   | A snake changed into a pulsating lump
201493 | Temple   | A snake changed into a pulsating lump
201494 | Temple   | A snake changed into a pulsating lump
201495 | Temple   | A water moccasin changed into a pulsating lump
201497 | Temple   | A snake changed into a pulsating lump
201498 | Temple   | A snake changed into a pulsating lump
201520 | Temple   | A snake changed into a pulsating lump
201521 | Temple   | A snake changed into a pulsating lump
201523 | Temple   | A snake changed into a pulsating lump
201524 | Temple   | A snake changed into a pulsating lump
201532 | Temple   | A snake changed into a pulsating lump
201533 | Temple   | A snake changed into a pulsating lump
201540 | Temple   | A snake changed into a pulsating lump
201541 | Temple   | A snake changed into a pulsating lump
201543 | Temple   | A snake changed into a pulsating lump
201544 | Temple   | A snake changed into a pulsating lump
201545 | Temple   | A snake changed into a pulsating lump
201556 | Temple   | A water moccasin changed into a pulsating lump
201557 | Temple   | A snake changed into a pulsating lump
201558 | Temple   | A snake changed into a pulsating lump
201567 | Temple   | A snake changed into a pulsating lump
201572 | Temple   | A water moccasin changed into a pulsating lump
201573 | Temple   | A snake changed into a pulsating lump
201579 | Temple   | A snake changed into a pulsating lump
201581 | Temple   | A snake changed into a pulsating lump
201590 | Temple   | A snake changed into a pulsating lump
201591 | Temple   | A water moccasin changed into a pulsating lump
201594 | Temple   | A water moccasin changed into a pulsating lump
201595 | Temple   | A water moccasin changed into a pulsating lump
201597 | Temple   | A snake changed into a pulsating lump
201605 | Temple   | A snake changed into a pulsating lump
201606 | Temple   | A water moccasin changed into a pulsating lump
201607 | Temple   | A water moccasin changed into a pulsating lump
201615 | Temple   | A snake changed into a pulsating lump
201616 | Temple   | A water moccasin changed into a pulsating lump
201618 | Temple   | A water moccasin changed into a pulsating lump
201628 | Temple   | A water moccasin changed into a pulsating lump
201629 | Temple   | A snake changed into a pulsating lump
201634 | Temple   | A snake changed into a pulsating lump
201644 | Temple   | A snake changed into a pulsating lump
201656 | Temple   | A water moccasin changed into a pulsating lump
201659 | Temple   | A water moccasin changed into a pulsating lump
201667 | Temple   | A snake changed into a pulsating lump
201668 | Temple   | A water moccasin changed into a pulsating lump
201677 | Temple   | A water moccasin changed into a pulsating lump
201678 | Temple   | A snake changed into a pulsating lump
201679 | Temple   | A snake changed into a pulsating lump
201680 | Temple   | A water moccasin changed into a pulsating lump
201682 | Temple   | A snake changed into a pulsating lump
201693 | Temple   | A snake changed into a pulsating lump
201694 | Temple   | A water moccasin changed into a pulsating lump
201695 | Temple   | A snake changed into a pulsating lump
201696 | Temple   | A water moccasin changed into a pulsating lump
201698 | Temple   | A snake changed into a pulsating lump
201705 | Temple   | A snake changed into a pulsating lump
201706 | Temple   | A water moccasin changed into a pulsating lump
201710 | Temple   | A snake changed into a pulsating lump
201713 | Temple   | A water moccasin changed into a pulsating lump
201714 | Temple   | A water moccasin changed into a pulsating lump
201716 | Temple   | A water moccasin changed into a pulsating lump
201721 | Temple   | A snake changed into a pulsating lump
201808 | Temple   | A pulsating lump changed into a snapping turtle
201867 | Temple   | A pulsating lump changed into a slime creature
201881 | Temple   | A pulsating lump changed into an eye of devastation
201889 | Temple   | A pulsating lump changed into a glowing shapeshifter
201893 | Temple   | A pulsating lump changed into a moth of wrath
201912 | Temple   | A pulsating lump changed into a death drake
201917 | Temple   | A pulsating lump changed into a cyclops
201939 | Temple   | A pulsating lump changed into a lindwurm
201973 | Temple   | A pulsating lump changed into a giant slug
201996 | Temple   | A pulsating lump changed into a boulder beetle
202028 | Temple   | A pulsating lump changed into a slime creature
202040 | Temple   | A giant slug changed into a pulsating lump
202044 | Temple   | A pulsating lump changed into a giant slug
202080 | Temple   | A pulsating lump changed into a komodo dragon
202099 | Temple   | A pulsating lump changed into a snapping turtle
202103 | Temple   | A snapping turtle changed into a shining eye
202109 | Temple   | A pulsating lump changed into a slime creature
202121 | Temple   | A pulsating lump changed into a cyclops
202133 | Temple   | A pulsating lump changed into an emperor scorpion
202144 | Temple   | A red wasp changed into a guardian serpent
202145 | Temple   | A guardian serpent changed into a wolf spider
202159 | Temple   | A draconian changed into a shining eye
202167 | Temple   | A shining eye changed into a cyclops
202174 | Temple   | A pulsating lump changed into a deep troll
202183 | Temple   | A pulsating lump changed into an anaconda
202187 | Temple   | An anaconda changed into a shining eye
202201 | Temple   | A pulsating lump changed into a merfolk
202208 | Temple   | A pulsating lump changed into a merfolk
202223 | Temple   | A pulsating lump changed into a merfolk
202230 | Temple   | A pulsating lump changed into a merfolk
202239 | Temple   | An alligator snapping turtle changed into a quicksilver dragon
202246 | Temple   | A pulsating lump changed into a merfolk
202249 | Temple   | A quicksilver dragon changed into a shadow dragon
202251 | Temple   | A shadow dragon changed into a golden dragon
202254 | Temple   | A golden dragon changed into an acid blob
202259 | Temple   | A pulsating lump changed into a hill giant
202261 | Temple   | A manticore changed into a guardian serpent
202262 | Temple   | A guardian serpent changed into a merfolk
202271 | Temple   | A pulsating lump changed into a shining eye
202278 | Temple   | A pulsating lump changed into a lindwurm
202279 | Temple   | A lindwurm changed into a shining eye
202290 | Temple   | A sphinx changed into a quicksilver dragon
202293 | Temple   | A human changed into a shining eye
202295 | Temple   | A pulsating lump changed into a cyclops
202298 | Temple   | A shining eye changed into a death drake
202303 | Temple   | A quicksilver dragon changed into an iron troll
202310 | Temple   | A pulsating lump changed into a boulder beetle
202322 | Temple   | A pulsating lump changed into a ghost moth
202334 | Temple   | A lindwurm changed into a guardian serpent
202339 | Temple   | A pulsating lump changed into a cyclops
202344 | Temple   | A pulsating lump changed into a sea snake
202369 | Temple   | A pulsating lump changed into a shining eye
202373 | Temple   | A pulsating lump changed into a merfolk
202377 | Temple   | A frost giant changed into a quicksilver dragon
202379 | Temple   | A pulsating lump changed into a slime creature
202383 | Temple   | A quicksilver dragon changed into a frost giant
202397 | Temple   | A glowing shapeshifter changed into a shining eye
202401 | Temple   | A pulsating lump changed into a merfolk
202401 | Temple   | A shining eye changed into a moth of wrath
202404 | Temple   | A pulsating lump changed into a merfolk
202407 | Temple   | A manticore changed into a pulsating lump
202408 | Temple   | A pulsating lump changed into a ghost moth
202410 | Temple   | A pulsating lump changed into an eye of devastation
202426 | Temple   | A pulsating lump changed into an elephant
202436 | Temple   | A fire giant changed into a quicksilver dragon
202440 | Temple   | A quicksilver dragon changed into an azure jelly
202457 | Temple   | A pulsating lump changed into a rock troll
202465 | Temple   | A pulsating lump changed into a death drake
202481 | Temple   | A pulsating lump changed into a deep troll
202485 | Temple   | A pulsating lump changed into a slime creature
202513 | Temple   | A pulsating lump changed into a giant orange brain
202524 | Temple   | A pulsating lump changed into a shining eye
202537 | Temple   | A pulsating lump changed into an elephant
202540 | Temple   | A sea snake changed into a shining eye
202548 | Temple   | A pulsating lump changed into a merfolk
202560 | Temple   | A pulsating lump changed into a boulder beetle
202563 | Temple   | A boulder beetle changed into a guardian serpent
202574 | Temple   | A pulsating lump changed into a merfolk
202580 | Temple   | A pulsating lump changed into an elephant
202594 | Temple   | A pulsating lump changed into a glowing shapeshifter
202603 | Temple   | A pulsating lump changed into a manticore
202606 | Temple   | A pulsating lump changed into a deep troll
202610 | Temple   | A pulsating lump changed into a merfolk
202613 | Temple   | A pulsating lump changed into a cyclops
202619 | Temple   | A draconian changed into a guardian serpent
202621 | Temple   | A guardian serpent changed into a hippogriff
202623 | Temple   | A pulsating lump changed into an elephant
202635 | Temple   | A glowing shapeshifter changed into a shining eye
202636 | Temple   | A shining eye changed into an eye of devastation
202637 | Temple   | An eye of devastation changed into a shining eye
202639 | Temple   | A shining eye changed into a merfolk
202646 | Temple   | A merfolk changed into a guardian serpent
203773 | Temple   | A yak changed into a guardian serpent
203775 | Temple   | A guardian serpent changed into a bumblebee
203785 | Temple   | A pulsating lump changed into a manticore
203787 | Temple   | A pulsating lump changed into an emperor scorpion
203802 | Temple   | A pulsating lump changed into a merfolk
203807 | Temple   | A pulsating lump changed into a swamp dragon
203825 | Temple   | A pulsating lump changed into a lindwurm
203833 | Temple   | A pulsating lump changed into a deep troll
203834 | Temple   | A pulsating lump changed into a cyclops
203839 | Temple   | A pulsating lump changed into a sea snake
203854 | Temple   | A pulsating lump changed into a moth of wrath
203870 | Temple   | A pulsating lump changed into a slime creature
203871 | Temple   | An eye of devastation changed into a pulsating lump
203874 | Temple   | A pulsating lump changed into a hill giant
203906 | Temple   | A pulsating lump changed into a cyclops
203907 | Temple   | A pulsating lump changed into a merfolk
203915 | Temple   | A pulsating lump changed into a merfolk
203918 | Temple   | A pulsating lump changed into an elephant
203921 | Temple   | An elephant changed into a pulsating lump
203923 | Temple   | A pulsating lump changed into a merfolk
203936 | Temple   | A pulsating lump changed into a giant orange brain
203939 | Temple   | A pulsating lump changed into a slime creature
203954 | Temple   | A pulsating lump changed into an elephant
203970 | Temple   | A pulsating lump changed into a manticore
204061 | Temple   | An anaconda changed into a pulsating lump
204064 | Temple   | A pulsating lump changed into a boulder beetle
204068 | Temple   | A pulsating lump changed into a rock troll
204068 | Temple   | A pulsating lump changed into a glowing shapeshifter
204069 | Temple   | A glowing shapeshifter changed into a shining eye
204077 | Temple   | A pulsating lump changed into a snapping turtle
204082 | Temple   | A shining eye changed into a dragon
204085 | Temple   | A pulsating lump changed into a giant slug
204093 | Temple   | A pulsating lump changed into a lindwurm
204098 | Temple   | A pulsating lump changed into a snapping turtle
204104 | Temple   | A pulsating lump changed into a manticore
204114 | Temple   | A merfolk changed into a guardian serpent
204116 | Temple   | A pulsating lump changed into a shining eye
204120 | Temple   | A pulsating lump changed into a giant orange brain
204120 | Temple   | A guardian serpent changed into an elf
204122 | Temple   | A pulsating lump changed into an elephant
204132 | Temple   | A pulsating lump changed into a shining eye
204137 | Temple   | A pulsating lump changed into a manticore
204138 | Temple   | A pulsating lump changed into a death drake
204148 | Temple   | A pulsating lump changed into a moth of wrath
204149 | Temple   | A merfolk changed into a guardian serpent
204153 | Temple   | A guardian serpent changed into a merfolk
204154 | Temple   | A rock troll changed into a pulsating lump
204157 | Temple   | A pulsating lump changed into a slime creature
204161 | Temple   | A pulsating lump changed into a merfolk
204167 | Temple   | A pulsating lump changed into a merfolk
204168 | Temple   | A pulsating lump changed into an anaconda
204184 | Temple   | A ghost moth changed into a pulsating lump
204188 | Temple   | A pulsating lump changed into a cyclops
204219 | Temple   | A pulsating lump changed into a moth of wrath
204225 | Temple   | A snapping turtle changed into a pulsating lump
204226 | Temple   | Defeated a pulsating lump
204235 | Temple   | A pulsating lump changed into an emperor scorpion
204401 | D:4      | A pulsating lump changed into a cyclops
204404 | D:4      | a cyclops (ally) was defeated
205564 | Hive:2   | Identified the glaive "Twewnozy" {elec, rF+} (You took it off a deep elf soldier on level 5 of the Elven Halls)
205816 | Hive:2   | Identified the cursed -1 plate mail of the Ladybird (You took it off a deep elf mage on level 5 of the Elven Halls)
206042 | Lair:2   | A moth of wrath changed into a fire crab
206046 | Lair:2   | A fire crab changed into a spriggan
206081 | Lair:2   | A spiny worm changed into a seven-headed hydra
206085 | Lair:2   | An elephant changed into a wolf spider
206089 | Lair:2   | A wolf spider changed into an elf
206090 | Lair:2   | An elf changed into a yellow wasp
206092 | Lair:2   | A yellow wasp changed into a human
206511 | D:4      | come on, pick up the axe
207190 | Orc:1    | Found Scherchao's Armour Emporium.
207273 | Orc:1    | Found Qaell's Distillery.
207554 | Orc:3    | Noticed Azrael
207554 | Orc:3    | Defeated Azrael
208338 | Lair:3   | wtf they picked up all my artefacts?
208339 | Lair:3   | I was wondering why there were spaces
208350 | Lair:3   | A dragon changed into a spiny worm
208352 | Lair:3   | A spiny worm changed into a dragon
208353 | Lair:3   | I'll take the fire giant I guess
208359 | Lair:3   | A crocodile changed into a redback
208362 | Lair:3   | A dragon changed into a spiny worm
208362 | Lair:3   | A redback changed into a draconian
208363 | Lair:3   | A spiny worm changed into a hill giant
208369 | Lair:3   | a shining eye (ally) was defeated
208396 | Lair:3   | A great orb of eyes changed into a spiny worm
208401 | Lair:3   | A spiny worm changed into a rock troll
208581 | D:13     | Noticed a spiny worm
208581 | D:13     | A spiny worm changed into a dragon
208969 | Temple   | A pulsating lump changed into a slime creature
208986 | Temple   | A pulsating lump changed into a shining eye
208988 | Temple   | A pulsating lump changed into a lindwurm
208990 | Temple   | A swamp dragon changed into a guardian serpent
208994 | Temple   | A guardian serpent changed into a cyclops
208996 | Temple   | A cyclops changed into a shining eye
209000 | Temple   | A shining eye changed into an elephant
209003 | Temple   | A pulsating lump changed into a rock troll
209006 | Temple   | A pulsating lump changed into a boulder beetle
209019 | Temple   | A draconian changed into a guardian serpent
209023 | Temple   | A guardian serpent changed into an elf
209026 | Temple   | A pulsating lump changed into a manticore
209027 | Temple   | A pulsating lump changed into a minotaur
209111 | Temple   | getting this minotaur out of the swarm is going to be hard
209118 | Temple   | Noticed a guardian serpent
209128 | Temple   | A guardian serpent changed into an elephant
209131 | Temple   | An elephant changed into a guardian serpent
209142 | Temple   | A guardian serpent changed into a baby alligator
209852 | D:14     | get the feeling these minotaurs aren't going to last very long
210577 | Hell     | Reached skill level 26 in Conjurations
210630 | Hell     | Learned a level 4 spell: Airstrike
211681 | Zot:1    | Received a gift from Sif Muna
211686 | Zot:1    | Got an engraved book {god gift}
211687 | Zot:1    | Identified Sif Muna's Disquisition on Dark Magic and the Oath {god gift} (Sif Muna gifted it to you on level 1 of the Realm of Zot)
211915 | Zot:1    | Noticed an orb of fire
211919 | Zot:1    | Defeated an orb of fire
211924 | Zot:1    | Reached skill level 25 in Spellcasting
212019 | Hell     | Learned a level 8 spell: Lehudib's Crystal Spear
212147 | D:25     | Reached skill level 9 in Earth Magic
212582 | Pan      | Noticed Psaach the pandemonium lord
212587 | Pan      | Defeated Psaach the pandemonium lord
212981 | Pan      | Noticed Oteth the pandemonium lord
212990 | Pan      | Defeated Oteth the pandemonium lord
213074 | Pan      | Reached skill level 5 in Translocations
213719 | Pan      | Noticed Atyhanna the pandemonium lord
213731 | Pan      | Defeated Atyhanna the pandemonium lord
214687 | Pan      | Noticed Kisen the pandemonium lord
214690 | Pan      | Defeated Kisen the pandemonium lord
214693 | Pan      | Reached skill level 8 in Summonings
214974 | Pan      | Noticed Shritur the pandemonium lord
214991 | Pan      | Defeated Shritur the pandemonium lord
215192 | Pan      | Received a gift from Sif Muna
215197 | Pan      | Got a blackened book {god gift}
215198 | Pan      | Identified Sif Muna's Guide on Curses {god gift} (Sif Muna gifted it to you in Pandemonium)
215517 | Pan      | Noticed Tietoje the pandemonium lord
215526 | Pan      | Defeated Tietoje the pandemonium lord
215670 | Pan      | Noticed Lucist the pandemonium lord
215672 | Pan      | Defeated Lucist the pandemonium lord
215697 | Pan      | Got a brightly glowing brass amulet
215711 | Pan      | Identified the amulet "Killu Tol" (You found it in Pandemonium)
216046 | Pan      | Found a gateway to a ziggurat.
216153 | Pan      | Noticed Pnofef the pandemonium lord
216154 | Pan      | Defeated Pnofef the pandemonium lord
216424 | Pan      | Noticed Momianam the pandemonium lord
216426 | Pan      | Defeated Momianam the pandemonium lord
216426 | Pan      | Reached skill level 27 in Conjurations
216642 | Pan      | Got a brightly glowing robe
216643 | Pan      | Identified the +3 robe of Chyh Astui (You found it in Pandemonium)
216867 | Pan      | Noticed Orrush the pandemonium lord
216870 | Pan      | Defeated Orrush the pandemonium lord
216885 | Pan      | Received a gift from Sif Muna
216886 | Pan      | Got a sparkling book {god gift}
216887 | Pan      | Identified Sif Muna's Papyrus of the Mutagenic Frostbite {god gift} (Sif Muna gifted it to you in Pandemonium)
217437 | Pan      | Reached skill level 10 in Earth Magic
217445 | Pan      | Noticed Xup Ipt the pandemonium lord
217450 | Pan      | Defeated Xup Ipt the pandemonium lord
217732 | Pan      | Reached skill level 23 in Ice Magic
217740 | Pan      | Noticed Schol the pandemonium lord
217750 | Pan      | Defeated Schol the pandemonium lord
218155 | Pan      | Gained mutation: Your muscles are strong (Str +1).
218232 | Pan      | Noticed Shuant the pandemonium lord
218236 | Pan      | Defeated Shuant the pandemonium lord
218275 | Pan      | Reached skill level 6 in Translocations
218405 | Pan      | Reached skill level 26 in Spellcasting
218577 | Pan      | Noticed Pyleqeps the pandemonium lord
218587 | Pan      | Defeated Pyleqeps the pandemonium lord
218800 | Pan      | Received a gift from Sif Muna
219049 | Pan      | Noticed Shidexom the pandemonium lord
219051 | Pan      | Defeated Shidexom the pandemonium lord
219247 | Pan      | Noticed Awem the pandemonium lord
219257 | Pan      | Defeated Awem the pandemonium lord
219303 | Pan      | an iron dragon (ally) was defeated
219813 | Pan      | Got a slimy granite ring
219814 | Pan      | Identified the ring "Blimn" (You found it in Pandemonium)
219828 | Pan      | Noticed Fare Beleno the pandemonium lord
219843 | Pan      | Defeated Fare Beleno the pandemonium lord
219928 | Pan      | Noticed Zuod the pandemonium lord
219929 | Pan      | Defeated Zuod the pandemonium lord
219929 | Pan      | Reached skill level 11 in Earth Magic
220060 | D:25     | You pass through the gate. 221052
                  | trove
                  | Entered a treasure trove 221063
                  | trove
                  | Got a heavily runed shield 221072
                  | trove
                  | Got a heavily runed pearl dragon armour 221080
                  | trove
                  | Got a crude dragon armour 221083
                  | trove
                  | Got a pair of encrusted gloves 221085
                  | trove
                  | Got a twisted shield
221211 | Lair:2   | Identified the +5 shield "Wingat" (You found it in a treasure trove)
221229 | Lair:2   | Identified the +3 dragon armour of Starshine (You found it in a treasure trove)
221248 | Lair:2   | Identified the -4 shield of the Carpenter (You found it in a treasure trove)
221251 | Lair:2   | Identified the +0 pair of gloves of Demons (You found it in a treasure trove)
221274 | Lair:2   | Identified the +3 pearl dragon armour of Lymuops (You found it in a treasure trove)
222168 | Vault:8  | Received a gift from Sif Muna
222171 | Vault:8  | Got a glistering book {god gift}
222172 | Vault:8  | Identified Lee's Volume of Earthen Conjuration {god gift} (Sif Muna gifted it to you on level 8 of the Vaults)
224406 | Pan      | Noticed Thezef the pandemonium lord
224417 | Pan      | Defeated Thezef the pandemonium lord
224667 | Pan      | Got an encrusted helmet
224668 | Pan      | Identified the -4 helmet of Minor Irritation (You acquired it in Pandemonium)
224809 | Pan      | Noticed Blong the pandemonium lord
224812 | Pan      | Defeated Blong the pandemonium lord
224849 | Pan      | Reached skill level 5 in Traps & Doors
224902 | Pan      | Noticed Kuacrof the pandemonium lord
224907 | Pan      | Defeated Kuacrof the pandemonium lord
224938 | Pan      | Reached skill level 11 in Shields
225422 | Pan      | Noticed Deleommephi the pandemonium lord
225430 | Pan      | Reached skill level 27 in Spellcasting
225431 | Pan      | Defeated Deleommephi the pandemonium lord
225746 | Pan      | Reached skill level 24 in Ice Magic
225756 | Pan      | Noticed Vutuopn the pandemonium lord
225758 | Pan      | Defeated Vutuopn the pandemonium lord
225881 | Pan      | Noticed Pafischeo the pandemonium lord
225915 | Pan      | Defeated Pafischeo the pandemonium lord
226014 | Pan      | Received a gift from Sif Muna
226583 | Pan      | Reached skill level 12 in Shields
226890 | Pan      | Noticed Triyngis the pandemonium lord
226892 | Pan      | Defeated Triyngis the pandemonium lord
227182 | Pan      | Noticed Twifif the pandemonium lord
227185 | Pan      | Defeated Twifif the pandemonium lord
227213 | Pan      | Got a demonic rune of Zot
227222 | Pan      | Identified an uncursed rod of warding (You found it in Pandemonium)
227288 | Pan      | Noticed Laev the pandemonium lord
227288 | Pan      | Defeated Laev the pandemonium lord
227301 | Pan      | Reached skill level 12 in Earth Magic
227519 | Pan      | Noticed Plak the pandemonium lord
227520 | Pan      | Defeated Plak the pandemonium lord
227964 | Pan      | Noticed Brawiem the pandemonium lord
227968 | Pan      | Defeated Brawiem the pandemonium lord
228364 | Pan      | Noticed Kavirucu the pandemonium lord
228367 | Pan      | Defeated Kavirucu the pandemonium lord
228481 | Pan      | Received a gift from Sif Muna
228539 | Pan      | Noticed Peol the pandemonium lord
228540 | Pan      | Defeated Peol the pandemonium lord
228611 | Pan      | Reached skill level 25 in Ice Magic
228865 | Pan      | Noticed Fricont the pandemonium lord
228865 | Pan      | Defeated Fricont the pandemonium lord
228886 | Pan      | Got a crude lajatang
228895 | Pan      | Got a scintillating ivory ring
228896 | Pan      | Identified the ring of Emit Blior (You found it in Pandemonium)
228897 | Pan      | Identified the cursed -1,+0 lajatang "Mud Pie of Death" (You found it in Pandemonium)
229193 | Pan      | Noticed Anniotti the pandemonium lord
229195 | Pan      | Defeated Anniotti the pandemonium lord
229282 | Pan      | Noticed Riminez the pandemonium lord
229301 | Pan      | Defeated Riminez the pandemonium lord
229713 | Pan      | Noticed Kostrydoi the pandemonium lord
229715 | Pan      | Defeated Kostrydoi the pandemonium lord
229735 | Pan      | Got a demonic rune of Zot
229874 | Pan      | Reached skill level 13 in Fighting
229949 | Pan      | Noticed Siops the pandemonium lord
229953 | Pan      | Defeated Siops the pandemonium lord
229975 | Pan      | Reached skill level 13 in Shields
229990 | Pan      | Got a demonic rune of Zot
230444 | Pan      | Noticed Uromi the pandemonium lord
230446 | Pan      | Defeated Uromi the pandemonium lord
230461 | Pan      | Got a demonic rune of Zot
230689 | Pan      | Reached skill level 14 in Charms
230820 | Pan      | Received a gift from Sif Muna
230972 | Pan      | Noticed Haimore the pandemonium lord
230977 | Pan      | Defeated Haimore the pandemonium lord
231244 | Pan      | Found a gateway to a ziggurat.
231322 | Pan      | Reached skill level 13 in Earth Magic
231388 | Pan      | Noticed Pluweoqu the pandemonium lord
231393 | Pan      | Defeated Pluweoqu the pandemonium lord
231605 | Pan      | Noticed Kihom the pandemonium lord
231606 | Pan      | Reached skill level 26 in Ice Magic
231607 | Pan      | Defeated Kihom the pandemonium lord
231654 | Pan      | Got an ancient silver ring
231655 | Pan      | Identified the ring of Ytauhen (You found it in Pandemonium)
232005 | Pan      | Noticed Upuitips the pandemonium lord
232011 | Pan      | Defeated Upuitips the pandemonium lord
232654 | Pan      | Received a gift from Sif Muna
232669 | Pan      | Noticed Kluon the pandemonium lord
232673 | Pan      | Defeated Kluon the pandemonium lord
232690 | Pan      | Got a demonic rune of Zot
232783 | Pan      | Noticed Psefyn the pandemonium lord
232799 | Pan      | Defeated Psefyn the pandemonium lord
233146 | Pan      | Reached skill level 10 in Stealth
233183 | Pan      | Reached skill level 15 in Transmutations
233185 | Pan      | Noticed Hecwak the pandemonium lord
233187 | Pan      | Defeated Hecwak the pandemonium lord
233423 | Pan      | Reached skill level 15 in Dodging
233612 | Pan      | Noticed Foerunia the pandemonium lord
233621 | Pan      | Defeated Foerunia the pandemonium lord
233966 | Pan      | Noticed Tane the pandemonium lord
233967 | Pan      | Defeated Tane the pandemonium lord
234054 | Pan      | Noticed Qisan the pandemonium lord
234057 | Pan      | Defeated Qisan the pandemonium lord
234074 | Pan      | Reached skill level 15 in Charms
234151 | Pan      | Reached skill level 14 in Shields
234157 | Pan      | Received a gift from Sif Muna
234240 | Pan      | Gained mutation: Your muscles are strong (Str +2).
234480 | Pan      | Reached skill level 27 in Ice Magic
234541 | Pan      | Noticed Poyhelex the pandemonium lord
234543 | Pan      | Defeated Poyhelex the pandemonium lord
234796 | Pan      | Noticed Shragob the pandemonium lord
234797 | Pan      | argh invisible things
234842 | D:22     | You pass through the gate.
234976 | Hell     | Learned a level 9 spell: Tornado
234983 | Hell     | Learned a level 5 spell: Teleport Self
235842 | Pan      | Noticed Saruy the pandemonium lord
235843 | Pan      | Defeated Saruy the pandemonium lord
236227 | Pan      | Noticed Traedadu the pandemonium lord
236233 | Pan      | Defeated Traedadu the pandemonium lord
236240 | Pan      | Reached skill level 14 in Earth Magic
236260 | Pan      | Reached skill level 7 in Translocations
236391 | Pan      | Noticed Tryosk the pandemonium lord
236399 | Pan      | Defeated Tryosk the pandemonium lord
236483 | Pan      | Noticed Zepnuj the pandemonium lord
236488 | Pan      | Defeated Zepnuj the pandemonium lord
236799 | Pan      | Noticed Beahei Napt the pandemonium lord
236806 | Pan      | Defeated Beahei Napt the pandemonium lord
236811 | Pan      | Reached skill level 14 in Fighting
236895 | Pan      | Reached skill level 6 in Traps & Doors
237030 | Pan      | Got a steaming amethyst amulet
237031 | Pan      | Identified the amulet "Mienyth" (You found it in Pandemonium)
237238 | Pan      | Got a demonic rune of Zot
237394 | Pan      | Received a gift from Sif Muna
237513 | Pan      | Noticed Trutuide the pandemonium lord
237514 | Pan      | Defeated Trutuide the pandemonium lord
237852 | Pan      | Found a gateway to a ziggurat.
237861 | Pan      | You paid a toll of 2840 gold to enter a ziggurat.
237861 | Zig:1    | Entered level 1 of a ziggurat
237884 | Zig:2    | Entered level 2 of a ziggurat
237904 | Zig:3    | Entered level 3 of a ziggurat
237928 | Zig:4    | Entered level 4 of a ziggurat
237966 | Zig:5    | Entered level 5 of a ziggurat
237995 | Zig:6    | Entered level 6 of a ziggurat
238016 | Zig:6    | Got a twitching golden ring
238028 | Zig:7    | Entered level 7 of a ziggurat
238068 | Zig:8    | Entered level 8 of a ziggurat
238096 | Zig:8    | Got a scintillating golden ring
238101 | Zig:8    | Got a transparent great mace
238104 | Zig:8    | Identified the ring of Laifal (You found it on level 6 of a ziggurat)
238104 | Zig:8    | Identified the ring of Foicuhea (You found it on level 8 of a ziggurat)
238106 | Zig:8    | Reached skill level 16 in Charms
238110 | Zig:9    | Entered level 9 of a ziggurat
238164 | Zig:10   | Entered level 10 of a ziggurat
238210 | Zig:11   | Entered level 11 of a ziggurat
238223 | Zig:11   | Noticed Claschuke the pandemonium lord
238225 | Zig:11   | Noticed Uqugotaf the pandemonium lord
238227 | Zig:11   | Defeated Claschuke the pandemonium lord
238228 | Zig:11   | Defeated Uqugotaf the pandemonium lord
238229 | Zig:11   | Noticed Plofad the pandemonium lord
238231 | Zig:11   | Defeated Plofad the pandemonium lord
238271 | Zig:11   | Got a steaming emerald amulet
238272 | Zig:11   | Identified the amulet "Xikhlyne" (You found it on level 11 of a ziggurat)
238276 | Zig:12   | Entered level 12 of a ziggurat
238321 | Zig:12   | Reached skill level 4 in Hexes
238348 | Zig:13   | Entered level 13 of a ziggurat
238407 | Zig:13   | Got a sparkling golden ring
238421 | Zig:14   | Entered level 14 of a ziggurat
238494 | Zig:14   | Got a twitching silver ring
238496 | Zig:14   | Got a wavering bone amulet
238497 | Zig:14   | Identified the ring of Psoizxum (You found it on level 13 of a ziggurat)
238498 | Zig:14   | Identified the ring of Muurr (You found it on level 14 of a ziggurat)
238499 | Zig:14   | Identified the amulet of Fuesoz (You found it on level 14 of a ziggurat)
238509 | Zig:15   | Entered level 15 of a ziggurat
238518 | Zig:15   | Noticed Thraydoell the pandemonium lord
238520 | Zig:15   | Noticed Miumamik the pandemonium lord
238523 | Zig:15   | Defeated Thraydoell the pandemonium lord
238524 | Zig:15   | Noticed Nubi Lea the pandemonium lord
238525 | Zig:15   | Noticed Teskear the pandemonium lord
238526 | Zig:15   | Noticed Agri the pandemonium lord
238526 | Zig:15   | Defeated Agri the pandemonium lord
238527 | Zig:15   | Noticed Caurif the pandemonium lord
238532 | Zig:15   | Defeated Miumamik the pandemonium lord
238532 | Zig:15   | Defeated Nubi Lea the pandemonium lord
238535 | Zig:15   | Noticed Bakkoif the pandemonium lord
238535 | Zig:15   | Defeated Teskear the pandemonium lord
238536 | Zig:15   | Defeated Bakkoif the pandemonium lord
238542 | Zig:15   | Defeated Caurif the pandemonium lord
238543 | Zig:15   | Noticed Aseoczo the pandemonium lord
238546 | Zig:15   | Defeated Aseoczo the pandemonium lord
238549 | Zig:15   | Noticed Jilisud the pandemonium lord
238555 | Zig:15   | Defeated Jilisud the pandemonium lord
238557 | Zig:15   | Noticed Kubriepomm the pandemonium lord
238558 | Zig:15   | Defeated Kubriepomm the pandemonium lord
238565 | Zig:15   | Reached skill level 7 in Hexes
238597 | Zig:15   | Got an ancient tin ring
238604 | Zig:15   | Identified the ring "Clemopop" (You found it on level 15 of a ziggurat)
238729 | Zig:16   | Entered level 16 of a ziggurat
238848 | Zig:16   | Got a crude platinum ring
238863 | Zig:16   | Identified the ring of Irat (You found it on level 16 of a ziggurat)
239003 | Zig:17   | Entered level 17 of a ziggurat
239067 | Zig:17   | Reached skill level 8 in Hexes
239240 | Zig:17   | Got a twitching copper amulet
239244 | Zig:17   | Got an encrusted large shield
239263 | Zig:17   | Got a transparent sapphire amulet
239285 | Zig:17   | Identified the cursed +3 large shield of Paranoia (You took it off a Daeva on level 17 of a ziggurat)
239285 | Zig:17   | Identified the amulet "Uxky" (You found it on level 17 of a ziggurat)
239286 | Zig:17   | Identified the amulet "Bonothann" (You found it on level 17 of a ziggurat)
239452 | Zig:18   | Entered level 18 of a ziggurat
239483 | Zig:18   | Reached skill level 12 in Stealth
239680 | Zig:19   | Entered level 19 of a ziggurat
239890 | Zig:19   | Received a gift from Sif Muna
239913 | Zig:20   | Entered level 20 of a ziggurat
240199 | Zig:20   | Reached skill level 18 in Necromancy
240221 | Zig:21   | Entered level 21 of a ziggurat
240327 | Zig:22   | Entered level 22 of a ziggurat
240347 | Zig:22   | I better not kill myself by pain mirror again
240427 | Zig:22   | Reached skill level 10 in Hexes
240701 | Zig:23   | Entered level 23 of a ziggurat
240854 | Zig:23   | no moths of wrath?
240858 | Zig:23   | Reached skill level 11 in Hexes
241102 | Zig:24   | Entered level 24 of a ziggurat
241145 | Zig:24   | Reached skill level 14 in Stealth
241246 | Zig:24   | Got a distressingly furry cloak
241258 | Zig:24   | Got a pair of dazzling gloves
241260 | Zig:24   | Identified the cursed +0 cloak "Wyapath" (You found it on level 24 of a ziggurat)
241261 | Zig:24   | Identified the +2 pair of gloves of the Labyrinth (You found it on level 24 of a ziggurat)
241457 | Zig:25   | Entered level 25 of a ziggurat
241572 | Zig:25   | Reached skill level 3 in Slings
241777 | Zig:26   | Entered level 26 of a ziggurat
241924 | Zig:26   | Reached skill level 6 in Slings
241955 | Zig:26   | Got a twisted large shield
242217 | Zig:27   | Entered level 27 of a ziggurat
242644 | Pan      | Noticed Gaink the pandemonium lord
242646 | Pan      | Defeated Gaink the pandemonium lord
242681 | Pan      | Received a gift from Sif Muna
242684 | Pan      | Got an inconspicuous book {god gift}
242685 | Pan      | Identified Sif Muna's Arcane Secrets of Rites and Rhymes {god gift} (Sif Muna gifted it to you in Pandemonium)
243248 | Pan      | Reached skill level 17 in Charms
243454 | Pan      | Noticed Vasteiwits the pandemonium lord
243461 | Pan      | Defeated Vasteiwits the pandemonium lord
243667 | Pan      | Reached skill level 5 in Unarmed Combat
243695 | Pan      | Noticed Trearr the pandemonium lord
243705 | Pan      | Defeated Trearr the pandemonium lord
243789 | Pan      | Reached skill level 15 in Stealth
243988 | Pan      | Noticed Upuacwe the pandemonium lord
243989 | Pan      | Defeated Upuacwe the pandemonium lord
244060 | Pan      | Identified the +3 large shield of the Wheelwright (You took it off a Daeva on level 26 of a ziggurat)
244463 | Pan      | Noticed Giliet the pandemonium lord
244465 | Pan      | Defeated Giliet the pandemonium lord
244552 | Pan      | Noticed Greudd the pandemonium lord
244560 | Pan      | Defeated Greudd the pandemonium lord
244638 | Pan      | Got a demonic rune of Zot
245003 | Pan      | Reached skill level 7 in Traps & Doors
245041 | Pan      | Got a faintly glowing chain mail
245042 | Pan      | Identified the +0 chain mail of the Eight Suns (You found it in Pandemonium)
245142 | Pan      | Noticed Leppir the pandemonium lord
245142 | Pan      | Reached skill level 9 in Summonings
245144 | Pan      | Defeated Leppir the pandemonium lord
245248 | Pan      | Found a gateway to a ziggurat.
245271 | Pan      | Received a gift from Sif Muna
245480 | Pan      | Got a distressingly furry robe
245481 | Pan      | Identified the +2 robe of Jypeiw (You found it in Pandemonium)
245640 | Pan      | Noticed Weloobess the pandemonium lord
245647 | Pan      | Defeated Weloobess the pandemonium lord
246349 | Pan      | Noticed Xeckan the pandemonium lord
246352 | Pan      | Defeated Xeckan the pandemonium lord
246530 | Pan      | Reached skill level 18 in Charms
246608 | Pan      | Noticed Pnutah the pandemonium lord
246609 | Pan      | Defeated Pnutah the pandemonium lord
246611 | Pan      | Reached skill level 16 in Dodging
246857 | Pan      | Noticed Kiugh the pandemonium lord
246857 | Pan      | Defeated Kiugh the pandemonium lord
246882 | Pan      | Reached skill level 15 in Earth Magic
247058 | D:22     | You pass through the gate.
247149 | Hell     | Learned a level 3 spell: Tukima's Dance
247157 | Hell     | Learned a level 7 spell: Controlled Blink
247418 | Zot:5    | should have collected the vorp scrolls in pan
249031 | Pan      | Learned a level 1 spell: Corona
249135 | Pan      | Noticed Schasycs the pandemonium lord
249137 | Pan      | Defeated Schasycs the pandemonium lord
249197 | Pan      | Reached skill level 12 in Hexes
249620 | Pan      | Noticed Skilep the pandemonium lord
249621 | Pan      | Defeated Skilep the pandemonium lord
249737 | Pan      | Noticed Shroygub the pandemonium lord
249738 | Pan      | Defeated Shroygub the pandemonium lord
249789 | Pan      | Got a demonic rune of Zot
249792 | Pan      | Received a gift from Sif Muna
249811 | Pan      | Got a black book {god gift}
249812 | Pan      | Identified Smoipp's Catalogue of Boosting Shape Shifting {god gift} (Sif Muna gifted it to you in Pandemonium)
249931 | Pan      | Noticed Klonyedo the pandemonium lord
249934 | Pan      | Defeated Klonyedo the pandemonium lord
249995 | Pan      | Reached skill level 13 in Hexes
250363 | Pan      | Noticed Tecani Lusmi the pandemonium lord
250366 | Pan      | Defeated Tecani Lusmi the pandemonium lord
250719 | Pan      | Noticed Mnovirur the pandemonium lord
250725 | Pan      | Defeated Mnovirur the pandemonium lord
251159 | Pan      | Noticed Niuf Thu the pandemonium lord
251160 | Pan      | Defeated Niuf Thu the pandemonium lord
251291 | Pan      | Noticed Blorghuv the pandemonium lord
251294 | Pan      | Defeated Blorghuv the pandemonium lord
251384 | Pan      | Reached skill level 14 in Hexes
251391 | Pan      | Received a gift from Sif Muna
251405 | Pan      | Got a black book {god gift}
251406 | Pan      | Identified Udi Tito's Grimoire of Execration {god gift} (Sif Muna gifted it to you in Pandemonium)
251549 | Pan      | Noticed Smaghu the pandemonium lord
251551 | Pan      | Defeated Smaghu the pandemonium lord
251890 | Pan      | Noticed Cilo the pandemonium lord
251891 | Pan      | Defeated Cilo the pandemonium lord
251943 | Pan      | Got a demonic rune of Zot
252161 | Pan      | Noticed Pnoulueg the pandemonium lord
252163 | Pan      | Defeated Pnoulueg the pandemonium lord
252332 | Pan      | Received a gift from Sif Muna
252463 | Pan      | Noticed Elotzu the pandemonium lord
252471 | Pan      | Defeated Elotzu the pandemonium lord
252684 | Pan      | Noticed Votaamn the pandemonium lord
252687 | Pan      | Defeated Votaamn the pandemonium lord
252976 | Pan      | Noticed Chocedu the pandemonium lord
252977 | Pan      | Defeated Chocedu the pandemonium lord
253076 | Pan      | Reached skill level 15 in Hexes
253120 | Pan      | Found a gateway to a ziggurat.
253132 | Pan      | Noticed Tyogie the pandemonium lord
253133 | Pan      | Defeated Tyogie the pandemonium lord
253159 | Pan      | Reached skill level 16 in Transmutations
253187 | Pan      | Reached skill level 8 in Traps & Doors
253234 | Pan      | Noticed Troidoog the pandemonium lord
253237 | Pan      | Defeated Troidoog the pandemonium lord
253273 | Pan      | Reached skill level 19 in Charms
253466 | Pan      | Noticed Thu Schoc the pandemonium lord
253468 | Pan      | Defeated Thu Schoc the pandemonium lord
253483 | Pan      | Received a gift from Sif Muna
253485 | Pan      | Got an antique book {god gift}
253486 | Pan      | Identified Sif Muna's Guide on Dark Rites {god gift} (Sif Muna gifted it to you in Pandemonium)
253967 | Pan      | Noticed Girig the pandemonium lord
253968 | Pan      | Defeated Girig the pandemonium lord
254107 | Pan      | Noticed Vatroamy the pandemonium lord
254113 | Pan      | Defeated Vatroamy the pandemonium lord
254333 | Pan      | Noticed Shruckid the pandemonium lord
254336 | Pan      | Defeated Shruckid the pandemonium lord
254712 | Pan      | Reached skill level 16 in Hexes
254773 | Pan      | Noticed Tithure the pandemonium lord
254784 | Pan      | Defeated Tithure the pandemonium lord
254813 | Pan      | Got a demonic rune of Zot
254888 | Pan      | Received a gift from Sif Muna
255196 | Pan      | Noticed Ytust the pandemonium lord
255197 | Pan      | Defeated Ytust the pandemonium lord
255213 | Pan      | Got a demonic rune of Zot
255612 | Pan      | Noticed Fredor the pandemonium lord
255617 | Pan      | Defeated Fredor the pandemonium lord
255637 | Pan      | Reached skill level 15 in Shields
255704 | Pan      | Got an ancient great sword
255705 | Pan      | Identified the cursed -1,-1 great sword of the Shining Light (You found it in Pandemonium)
256099 | Pan      | Noticed Nuyse the pandemonium lord
256100 | Pan      | Defeated Nuyse the pandemonium lord
256157 | Pan      | Reached skill level 16 in Earth Magic
256177 | Pan      | Reached skill level 10 in Summonings
256285 | D:22     | You pass through the gate.
256354 | Hell     | Gained mutation: Your mind is acute (Int +2).
256622 | Pan      | Defeated Smein the pandemonium lord
256954 | Pan      | Noticed Bufi Thro the pandemonium lord
256955 | Pan      | Defeated Bufi Thro the pandemonium lord
257068 | Pan      | Received a gift from Sif Muna
257301 | Pan      | Noticed Opran the pandemonium lord
257303 | Pan      | Defeated Opran the pandemonium lord
257677 | Pan      | Noticed Viek the pandemonium lord
257683 | Pan      | Defeated Viek the pandemonium lord
257859 | Pan      | Noticed Gruir the pandemonium lord
257860 | Pan      | Defeated Gruir the pandemonium lord
257872 | Pan      | Got a crude lead ring
257875 | Pan      | Got a demonic rune of Zot
257876 | Pan      | Identified the ring "Shycusk" (You found it in Pandemonium)
257887 | Pan      | Reached skill level 17 in Hexes
257948 | Pan      | Noticed Shicheacs the pandemonium lord
257949 | Pan      | Defeated Shicheacs the pandemonium lord
258144 | Pan      | Noticed Asiuvatt the pandemonium lord
258145 | Pan      | Defeated Asiuvatt the pandemonium lord
258277 | Pan      | Noticed Neeca the pandemonium lord
258277 | Pan      | Defeated Neeca the pandemonium lord
258589 | Pan      | Noticed Baol the pandemonium lord
258591 | Pan      | Defeated Baol the pandemonium lord
258619 | Pan      | Received a gift from Sif Muna
258697 | Pan      | Noticed Qamust the pandemonium lord
258698 | Pan      | Defeated Qamust the pandemonium lord
258761 | D:22     | You pass through the gate.
260266 | Zot:5    | Got the Orb of Zot
260785 | D:10     | Noticed Jihy the pandemonium lord
260788 | D:10     | oh wonderful
260788 | D:10     | Defeated Jihy the pandemonium lord
261027 | D:1      | Was placed under penance by Sif Muna
261030 | D:$      | Escaped with the Orb!
261030 | D:$      | Killed monsters: 3245 trivial, 2543 easy, 1370 tough, 77 nasty; 775 corpses
